 Dungeon Crawl Stone Soup version 0.24-a0-439-g6dd8730de2 (webtiles) character file.

Game seed: 14049758638821439494

1433484 Inquire the Bringer of Light (level 27, 0/382 (409) HPs)
             Began as a Minotaur Fighter on June 16, 2019.
             Was the Champion of the Shining One.
             Succumbed to an emperor scorpion's poison
             ... on level 13 of a ziggurat on June 18, 2019.
             The game lasted 05:27:16 (120492 turns).

Inquire the Bringer of Light (Minotaur Fighter)   Turns: 120492, Time: 05:27:16

HP:   0/382 (409)   AC: 33    Str: 34    XL:     27
MP:   3/43          EV:  2    Int: 15    God:    the Shining One [******]
Gold: 4902          SH: 47    Dex:  9    Spells: 26/70 levels left

rFire    + . .     SeeInvis .   R - +9 broad axe (chop)
rCold    + . .     Gourm    .   P - +2 large shield {reflect}
rNeg     + + +     Faith    +   (armour currently unavailable)
rPois    +         Spirit   .   (helmet currently unavailable)
rElec    .         Reflect  +   (cloak currently unavailable)
rCorr    .         Harm     .   (gloves currently unavailable)
MR       +++..     NoTele   +   (boots currently unavailable)
Stlth    +.........             v - amulet of Weunogg {Faith rC+ rN+}
HPRegen  0.73/turn              e - ring "Qivimnau" {rPois rF+}
MPRegen  0.28/turn              h - ring "Rutis" {MR+ Str+4 Int+2 Dex+2 Slay+3}

@: mighty, lethally poisoned (0 -> -1), divine shield, tree-form, very slightly
contaminated, glowing, studying 3 skills
A: (retaliatory headbutt), blurry vision 1, clumsy 2, deterioration 1, low mp 1,
no potion heal 1, subdued magic 2
}: 14/15 runes: serpentine, barnacled, slimy, silver, iron, obsidian, icy, bone,
abyssal, demonic, glowing, magical, fiery, dark
a: Divine Shield, Cleansing Flame, Summon Divine Warrior, Renounce Religion


You were on level 13 of a ziggurat.
You worshipped the Shining One.
The Shining One was exalted by your worship.
You were not hungry.
You were a tree.
You visited 18 branches of the dungeon, and saw 89 of its levels.
You visited Pandemonium 2 times, and saw 15 of its levels.
You visited the Abyss 8 times.
You visited 1 ziggurat, and saw 13 of its levels.

You collected 16299 gold pieces.
You spent 10481 gold pieces at shops.
You donated 916 gold pieces to Zin.

Inventory:

Hand Weapons
 a - a +9 lajatang of slicing
 j - a +9 sacred scourge of holy wrath
 l - a +9 broad axe of holy wrath
 s - a +9 eveningstar of freezing
 R - a +9 broad axe of chopping (weapon)
Missiles
 Y - 3 throwing nets (quivered)
Armour
 b - +0 ice dragon scales
 d - the +8 chain mail of Eternal Night (melded) {rElec rC+ Dex+3}
   (You bought it in a shop on level 6 of the Dungeon)

   It affects your dexterity (+3).
   It protects you from cold.
   It insulates you from electricity.
 o - a +3 buckler of fire resistance
 p - the +3 scale mail "Hazad" {rPois MP+9 Int+5 Dex-3}
   (You found it on level 7 of Gehenna)

   It affects your intelligence (+5).
   It affects your dexterity (-3).
   It protects you from poison.
   It affects your magic capacity (+9).
 u - a +2 hat (melded)
 x - a +2 cloak (melded)
 C - +4 gold dragon scales
 D - the +7 pearl dragon scales of the Fife {rN+ rCorr}
   (You found it on level 5 of the Pits of Slime)

   It protects you from negative energy.
   It provides partial protection from all sources of acid and corrosion.
 F - a +2 pair of boots (melded)
 P - a +2 large shield of reflection (worn)
 U - a +2 pair of gloves of strength (melded)
 W - the +4 plate armour of Jeorrem {rElec rF++ SInv Stlth+}
   (You bought it in a shop on level 1 of the Elven Halls)

   It greatly protects you from fire.
   It insulates you from electricity.
   It lets you see invisible.
   It makes you more stealthy.
Jewellery
 e - the ring "Qivimnau" (left branch) {rPois rF+}
   (You found it on level 4 of the Depths)

   [ring of protection from fire]

   It protects you from fire.
   It protects you from poison.
 h - the ring "Rutis" (right branch) {MR+ Str+4 Int+2 Dex+2 Slay+3}
   (You took it off an ancient champion on level 7 of the Iron City of Dis)

   [ring of protection from magic]

   It affects your strength (+4).
   It affects your intelligence (+2).
   It affects your dexterity (+2).
   It affects your accuracy and damage with ranged weapons and melee attacks
   (+3).
   It affects your resistance to hostile enchantments.
 i - the ring "Wujasac" {+Blink MP-9 Int+3 Slay+5 Stlth+}
   (You bought it in a shop on level 7 of the Dungeon)

   [ring of stealth]

   It affects your intelligence (+3).
   It affects your accuracy and damage with ranged weapons and melee attacks
   (+5).
   It affects your magic capacity (-9).
   It lets you blink.
   It makes you more stealthy.
 v - the amulet of Weunogg (around neck) {Faith rC+ rN+}
   (You took it off a yaktaur captain on level 5 of the Vaults)

   [amulet of faith]

   It allows you to gain divine favour quickly.
   It protects you from cold.
   It protects you from negative energy.
 w - the ring of Uplotaso {rF+++ rC- Dex+6 Stlth+}
   (You bought it in a shop on level 2 of the Orcish Mines)

   [ring of stealth]

   It affects your dexterity (+6).
   It renders you almost immune to fire.
   It makes you vulnerable to cold.
   It makes you more stealthy.
 E - the ring of Wethesia {rF++ rCorr Str+2 Stlth+}
   (You found it on level 1 of the Shoals)

   [ring of resist corrosion]

   It affects your strength (+2).
   It greatly protects you from fire.
   It provides partial protection from all sources of acid and corrosion.
   It makes you more stealthy.
 H - the ring of Arurchyn {rF+ rC- rN+ Dex+5}
   (You found it on level 4 of the Depths)

   [ring of positive energy]

   It affects your dexterity (+5).
   It protects you from fire.
   It makes you vulnerable to cold.
   It protects you from negative energy.
 K - the amulet "Viyseewk" {Gourm rPois rN+ Dex+4 SInv}
   (You took it off a deep elf master archer on level 3 of the Elven Halls)

   [amulet of the gourmand]

   It allows you to eat raw meat even when not hungry.
   It affects your dexterity (+4).
   It protects you from poison.
   It protects you from negative energy.
   It lets you see invisible.
 L - the macabre finger necklace {rN+}
   (You found it on level 3 of the Elven Halls)

   [amulet of nothing]

   It protects you from negative energy.
Wands
 z - a wand of paralysis (77)
 B - a wand of acid (35)
 V - a wand of digging (2)
Scrolls
 g - 7 scrolls of fog
 k - 50 scrolls of remove curse
 m - 15 scrolls of identify
 q - 16 scrolls of amnesia
 r - a scroll of magic mapping
 t - 3 scrolls of enchant weapon
 G - 7 scrolls of teleportation
 I - 8 scrolls of fear
 S - a scroll of silence
Potions
 A - 4 potions of cancellation
 J - 8 potions of brilliance
 M - a potion of flight
Books
 c - a manual of Transmutations
 n - a manual of Axes
 O - a manual of Throwing
Miscellaneous
 Q - a lamp of fire
 T - 4 phantom mirrors
 Z - a phial of floods
Comestibles
 f - 42 rations
 y - 7 chunks of flesh


   Skills:
 O Level 27 Fighting
 - Level 17.1(19.8) Axes
 - Level 10.6(15.0) Maces & Flails
   Level 15.0(18.1) Polearms
 O Level 27 Armour
 O Level 27 Dodging
 O Level 27 Shields
 * Level 22.4 Spellcasting
 - Level 9.9 Conjurations
 - Level 3.0 Hexes
 - Level 12.6 Charms
 - Level 5.8 Summonings
 * Level 18.6 Translocations
 * Level 5.4 Transmutations
 - Level 6.1 Fire Magic
 - Level 11.6 Ice Magic
 - Level 13.7 Air Magic
 O Level 27 Invocations


You had 26 spell levels left.
You knew the following spells:

 Your Spells              Type           Power        Failure   Level  Hunger
a - Passwall              Tmut/Erth      ###.....     1%          2    None
b - Blink                 Tloc           N/A          0%          2    None
c - Deflect Missiles      Chrm/Air       #####.....   1%          6    #####..
d - Silence               Hex/Air        ####......   1%          5    ###....
e - Apportation           Tloc           #####.       0%          1    None
f - Freezing Cloud        Conj/Ice/Air   ####......   1%          6    #####..
g - Controlled Blink      Tloc           N/A          5%          8    #######
h - Aura of Abjuration    Summ           ###.......   4%          5    ###....
i - Fire Storm            Conj/Fire      ####......   100%        9    #######

Your spell library contained the following spells:

 Spells                   Type           Power        Failure   Level  Hunger
 Freeze                   Ice            ####         0%          1    None
 Infusion                 Chrm           ####         0%          1    None
 Magic Dart               Conj           ####         0%          1    None
 Shock                    Conj/Air       ####         0%          1    None
 Searing Ray              Conj           ####..       0%          2    None
 Swiftness                Chrm/Air       #####...     0%          2    None
 Throw Frost              Conj/Ice       ####..       0%          2    None
 Gell's Gravitas          Tloc           #####.....   0%          3    None
 Lesser Beckoning         Tloc           #####.....   0%          3    None
 Ozocubu's Armour         Chrm/Ice       ####....     0%          3    None
 Recall                   Summ/Tloc      N/A          0%          3    None
 Static Discharge         Conj/Air       ####....     0%          3    None
 Passage of Golubria      Tloc           N/A          0%          4    None
 Animate Skeleton         Necr           N/A          1%          1    None
 Beastly Appendage        Tmut           ###...       1%          1    None
 Confusing Touch          Hex            ###...       1%          1    None
 Corona                   Hex            ###....      1%          1    None
 Flame Tongue             Conj/Fire      ####.        1%          1    None
 Pain                     Necr           ##..         1%          1    None
 Sandblast                Erth           ##....       1%          1    None
 Summon Butterflies       Summ           ###.....     1%          1    None
 Summon Small Mammal      Summ           ###.         1%          1    None
 Call Imp                 Summ           ###.....     1%          2    None
 Ensorcelled Hibernation  Hex/Ice        ###...       1%          2    None
 Poisonous Vapours        Pois/Air       ###...       1%          2    None
 Slow                     Hex            ###.....     1%          2    None
 Sticks to Snakes         Tmut           ###.....     1%          2    None
 Throw Flame              Conj/Fire      ####..       1%          2    None
 Call Canine Familiar     Summ           ###.....     1%          3    None
 Confuse                  Hex            ###.....     1%          3    None
 Conjure Flame            Conj/Fire      ####....     1%          3    None
 Dazzling Spray           Conj/Hex       ###...       1%          3    None
 Ignite Poison            Fire/Tmut/Pois ###.....     1%          3    None
 Inner Flame              Hex/Fire       ###.....     1%          3    None
 Mephitic Cloud           Conj/Pois/Air  ####....     1%          3    None
 Portal Projectile        Hex/Tloc       ####..       1%          3    None
 Regeneration             Chrm/Necr      ###.......   1%          3    None
 Spider Form              Tmut/Pois      ###.......   1%          3    None
 Summon Guardian Golem    Hex/Summ       ###.....     1%          3    None
 Tukima's Dance           Hex            ###.....     1%          3    None
 Airstrike                Air            #####.....   1%          4    None
 Force Lance              Conj/Tloc      #####...     1%          4    None
 Fulminant Prism          Conj/Hex       ###.......   1%          4    None
 Ice Form                 Ice/Tmut       ####....     1%          4    None
 Iskenderun's Mystic Bla  Conj           ####....     1%          4    None
 Sticky Flame             Conj/Fire      ####....     1%          4    None
 Summon Ice Beast         Ice/Summ       ####....     1%          4    None
 Summon Lightning Spire   Summ/Air       ####....     1%          4    None
 Throw Icicle             Conj/Ice       ####....     1%          4    None
 Fireball                 Conj/Fire      ####......   1%          5    ###....
 Irradiate                Conj/Tmut      ###.......   1%          5    ###....
 Iskenderun's Battlesphe  Conj/Chrm      ####....     1%          5    ###....
 Lightning Bolt           Conj/Air       ####......   1%          5    ###....
 Metabolic Englaciation   Hex/Ice        ###.......   1%          5    ###....
 Summon Forest            Summ/Tloc      ####......   1%          5    ###....
 Conjure Ball Lightning   Conj/Air       ####......   1%          6    #####..
 Dispersal                Tloc           #####.....   1%          6    #####..
 Ozocubu's Refrigeration  Ice            ####......   1%          6    #####..
 Corpse Rot               Necr           N/A          2%          2    None
 Sublimation of Blood     Necr           ##........   2%          2    None
 Bolt of Cold             Conj/Ice       ####......   2%          6    #####..
 Excruciating Wounds      Chrm/Necr      ###.......   3%          5    ###....
 Cause Fear               Hex            ###.......   4%          4    None
 Summon Demon             Summ           ###.......   4%          5    ###....
 Vampiric Draining        Necr           ##........   5%          3    None
 Petrify                  Tmut/Erth      ###.....     5%          4    None
 Blade Hands              Tmut           ###.......   5%          5    ###....
 Bolt of Magma            Conj/Fire/Erth ###.......   5%          5    ###....
 Disjunction              Tloc           #####.....   5%          8    #######
 Bolt of Draining         Conj/Necr      ###.......   6%          5    ###....
 Venom Bolt               Conj/Pois      ###.......   6%          5    ###....
 Summon Mana Viper        Hex/Summ       ###.....     8%          5    ###....
 Yara's Violent Unravell  Hex/Tmut       ###.......   9%          5    ###....
 Leda's Liquefaction      Hex/Erth       ##........   10%         4    None
 Bolt of Fire             Conj/Fire      ####......   11%         6    #####..
 Malign Gateway           Summ/Tloc      ####......   11%         7    ######.
 Animate Dead             Necr           N/A          19%         4    None
 Alistair's Intoxication  Tmut/Pois      ###.....     19%         5    ###....
 Shadow Creatures         Summ           N/A          28%         6    #####..
 Simulacrum               Ice/Necr       ###.......   28%         6    #####..
 Ring of Flames           Chrm/Fire      ####......   36%         7    ######.
 Iron Shot                Conj/Erth      ###.......   41%         6    #####..
 Poison Arrow             Conj/Pois      ###.......   41%         6    #####..
 Agony                    Necr           ##......     50%         5    ###....
 Borgnjor's Vile Clutch   Necr/Erth      ##........   50%         5    ###....
 Dispel Undead            Necr           ##......     50%         5    ###....
 Lee's Rapid Deconstruct  Erth           ##........   50%         5    ###....
 Darkness                 Hex            ###.......   69%         6    #####..
 Invisibility             Hex            ###.....     69%         6    #####..
 Statue Form              Tmut/Erth      ###......    73%         6    #####..
 Chain Lightning          Conj/Air       ####......   75%         8    #######
 Monstrous Menagerie      Summ           ###.......   87%         7    ######.
 Summon Greater Demon     Summ           ###.......   87%         7    ######.
 Summon Hydra             Summ           ###.......   87%         7    ######.
 Dragon Form              Tmut           ###.......   90%         7    ######.
 Death Channel            Necr           ##........   98%         6    #####..
 Haunt                    Necr/Summ      ###.......   99%         7    ######.
 Borgnjor's Revivificati  Necr           ##........   100%        8    #######
 Death's Door             Chrm/Necr      ###.......   100%        8    #######
 Discord                  Hex            ###.......   100%        8    #######
 Ignition                 Fire           ###.......   100%        8    #######
 Infestation              Necr           ##........   100%        8    #######
 Lehudib's Crystal Spear  Conj/Erth      ###.......   100%        8    #######
 Necromutation            Tmut/Necr      ###.......   100%        8    #######
 Summon Horrible Things   Summ           ###.......   100%        8    #######
 Dragon's Call            Summ           ###.......   100%        9    #######
 Glaciate                 Conj/Ice       ####......   100%        9    #######
 Shatter                  Erth           ##........   100%        9    #######
 Tornado                  Air            #####.....   100%        9    #######


Dungeon Overview and Level Annotations

Branches:
Dungeon (15/15)            Temple (1/1) D:6            Lair (6/6) D:11
 Shoals (4/4) Lair:2        Snake (4/4) Lair:4        Slime (5/5) Lair:6
    Orc (2/2) D:9             Elf (3/3) Orc:2        Vaults (5/5) D:14
  Crypt (3/3) Vaults:2       Tomb (2/3) Crypt:3      Depths (5/5) D:15
   Hell (1/1)                 Dis (7/7) Hell            Geh (7/7) Hell
    Coc (7/7) Hell            Tar (7/7) Hell            Zot (5/5) Depths:5

Altars:
Ashenzari
Cheibriados
Dithmenos
Elyvilon
Fedhas
Gozag
Hepliaklqana
Kikubaaqudgha
Makhleb
Nemelex Xobeh
Okawaru
Qazlal
Ru
Sif Muna
Trog
Uskayaw
Vehumet
Wu Jian
Xom
Yredelemnul
Zin
The Shining One
Jiyva

Shops:
D:5 ?   D:6 [   D:7 =   D:12 (   D:15 =   Orc:1 *   Orc:2 :=!   Elf:1 [
Elf:2 *   Snake:2 [   Snake:4 ?

Portals:
Hell: Depths:1 Depths:2 Depths:3 Depths:4 Depths:5
Abyss: Depths:1 Depths:2 Depths:3 Depths:4
Pandemonium: Depths:3 Depths:4 Depths:5

Annotations:
D:6 CHAIN
Lair:4 exclusion: 2 oklob plants
Snake:3 exclusion: Roxanne, Roxanne
Orc:1 MANUAL
Elf:2 3 runed translucent doors
Zot:4 2 transporters


Innate Abilities, Weirdness & Mutations

((You reflexively headbutt those who attack you in melee.))
((You have a pair of horns on your head.))
Scrolls take you a little longer to read.
You are very clumsy. (Dex -4)
Your body sometimes deteriorates upon taking damage.
Your magical capacity is low. (-10% MP)
Potions are less effective at restoring your health.
Your spells are easier to cast, but less powerful.


Message History

Unknown command.
Okay, then.
Put on which piece of jewellery? (? for menu, Esc to quit)
Okay, then.
Okay, then.
Okay, then.
Casting: Controlled Blink (quite dangerous; 5% risk of failure)
Confirm with . or Enter, or press ? or * to list all spells.
Okay, then.
Evoke which item? (* to show all) (? for menu, Esc to quit)
Okay, then.
Unknown command.
Put on which piece of jewellery? (? for menu, Esc to quit)
Okay, then.
Wield which item (- for none, * to show all)? (? for menu, Esc to quit)
Okay, then.
* * * LOW HITPOINT WARNING * * *
You feel sick.
Unknown command.
You die...

▓▓▓▓▓▓▓▓▓▓
▓▓.s.......▓
▓▓...s...°...▓▓
▓▓.........†...▓▓
▓▓.°.§○s.○%%%...)▓▓
▓▓...†.†s○......?"[▓▓
▓†...†.%.°≈≈....♣[[∩▓▓
.†.....†.§8§....?")>%▓
▓†.......≈○°..../=|∩▓▓
▓▓.........*.....}[▓▓
▓▓..*○..........|▓▓
▓▓%............▓▓
▓▓...........▓▓
▓▓.........▓▓
▓▓▓▓▓▓▓▓▓▓


There were no monsters in sight!

Vanquished Creatures
  Cerebov (Pan)
  Asmodeus (Geh:7)
  Antaeus (Coc:7)
  the Royal Jelly (Slime:5)
  Gloorx Vloq (Pan)
  Mnoleg (Pan)
  the Serpent of Hell (Geh:7)
  Lom Lobon (Pan)
  Dispater (Dis:7)
  7 ancient liches
  2 orbs of fire
  Mara (Snake:3)
  Mennas (Vaults:3)
  9 pandemonium lords
  Boris (4 times) (Vaults:2 Vaults:3 Crypt:1 Tomb:1)
  26 greater mummies
  Sojobo (Crypt:2)
  Saint Roka (Orc:2)
  A Killer Klown (Zot:4)
  7 shard shrikes
  Vashnia (Snake:2)
  A caustic shrike (Zig:4)
  The ghost of iamserjio the Slayer, a veteran OpCK of Ru (Depths:4)
  Geryon (Hell)
  The ghost of wont the Severer, a veteran DDMo of Makhleb (Depths:4)
  12 golden dragons
  2 curse toes (Zot:4)
  Jory (Tomb:2)
  2 profane servitors
  24 Brimstone Fiends
  30 bone dragons
  16 doom hounds
  2 electric golems
  35 Tzitzimimeh
  23 Ice Fiends
  8 iron giants
  14 Hell Sentinels
  Rupert (D:14)
  28 tentacled monstrosities
  5 hellephants
  Jorgrun (D:15)
  5 deep elf blademasters (Elf:3)
  Asterion (Snake:3)
  12 titans
  18 liches
  6 quicksilver dragons
  3 deep elf master archers (Elf:3)
  25 acid blobs
  Murray (Hell)
  10 death cobs
  53 Executioners
  A kraken (Shoals:4)
  Frances (Shoals:1)
  27 tentacled starspawn
  28 ancient champions
  17 sphinxes
  19 shadow dragons
  Kirke (D:15)
  11 eldritch tentacles
  4 draconian monks
  17 storm dragons
  Agnes (Snake:4)
  5 revenants
  A daeva (Abyss:3)
  11 nagarajas
  Donald (Elf:2)
  Ilsuiw (Shoals:4)
  6 tengu reavers
  11 fire giants
  11 azure jellies
  15 frost giants
  15 warmongers (Pan)
  10 draconian knights
  10 ghost moths
  Louise (D:15)
  7 iron dragons
  Aizul (Shoals:1)
  17 vault wardens
  6 draconian scorchers
  2 emperor scorpions (Zig:13)
  17 deep elf sorcerers
  34 cacodemons
  32 balrugs
  2 caustic shrike zombies
  An orc warlord (Vaults:4)
  5 curse skulls
  2 angels
  47 very ugly things
  20 ironheart preservers
  7 draconian shifters
  10 draconian annihilators
  4 draconian stormcallers
  6 deep elf elementalists
  A spriggan defender (Depths:4)
  3 caustic shrike skeletons (Crypt:3)
  116 reapers
  4 elemental wellsprings
  11 ghouls
  24 stone giants
  2 juggernaut skeletons (Zig:10)
  7 war gargoyles
  9 vampire knights
  9 black suns (Pan)
  5 blood saints (Pan)
  8 entropy weavers
  11 deep elf demonologists
  5 black draconians
  16 lorocyprocas
  8 bennus (Tomb:2)
  12 corrupters
  6 dire elephants (Abyss:3)
  12 purple draconians
  9 green draconians
  Azrael (Snake:3)
  Nessos (D:15)
  17 deep elf annihilators
  15 spark wasps
  14 white draconians
  8 red draconians
  A spark wasp (shapeshifter) (Depths:3)
  41 blizzard demons
  17 deep elf death magi
  9 yellow draconians
  5 eidola
  2 crystal guardians (Depths:2)
  5 merfolk javelineers (Shoals:4)
  2 spectral krakens (Tar:7)
  17 ettins
  11 jiangshi
  18 mummy priests
  23 green deaths
  13 fire dragons
  12 deep elf high priests
  4 merfolk impalers
  10 death oozes
  19 great orbs of eyes
  11 quicksilver dragon zombies
  19 yaktaur captains
  A kraken zombie (Coc:2)
  29 vault guards
  7 hydras
  Harold (D:9)
  12 rakshasas
  6 monstrous demonspawn (Pan)
  3 hell beasts
  20 naga warriors
  7 quicksilver dragon skeletons
  4 shambling mangroves
  32 ice dragons
  A ghost crab (Tar:2)
  A catoblepas (Lair:6)
  A juggernaut simulacrum (Pan)
  5 spriggan air magi
  4 death knights
  13 ogre magi
  10 anacondas
  An anaconda (shapeshifter) (Depths:4)
  9 centaur warriors
  6 merfolk aquamancers
  22 dancing weapons
  40 two-headed ogres
  7 deep troll shamans
  4 tengu warriors
  23 death scarabs
  26 hell hogs
  3 deep troll earth magi
  15 death yaks (Lair:6)
  15 titan zombies
  9 vampire magi
  12 storm dragon zombies
  15 naga sharpshooters
  A queen ant (Lair:3)
  46 soul eaters
  6 iron golems
  7 shock serpents
  An orc high priest (Zig:8)
  52 thrashing horrors
  Sonja (Lair:2)
  5 spriggan berserkers
  28 deep elf knights
  34 wretched stars
  49 sun demons
  3 ghost moth zombies
  23 iron trolls
  205 skeletal warriors
  9 sea snakes
  13 titan skeletons
  17 deep trolls
  7 salamander mystics
  9 golden dragon zombies
  14 shadow wraiths
  40 sixfirhies
  A death drake (Abyss:1)
  A fire crab (shapeshifter) (Zig:11)
  2 swamp dragons
  4 unseen horrors
  19 flayed ghosts
  13 spatial maelstroms
  18 anaconda zombies
  A deep troll (shapeshifter) (Vaults:3)
  63 hell knights
  A spark wasp zombie (Zig:10)
  6 storm dragon skeletons
  12 wizards
  34 shadow demons
  4 golden dragon skeletons
  3 torturous demonspawn (Pan)
  12 shadow dragon zombies
  6 naga ritualists
  2 tengu zombies (Zig:10)
  A kraken simulacrum (Coc:1)
  12 glowing orange brains
  5 infernal demonspawn (Pan)
  15 ironbrand convokers
  25 deep elf archers
  A lindwurm (Lair:6)
  10 gelid demonspawn
  21 phantasmal warriors
  13 anaconda skeletons
  A lindwurm (shapeshifter) (Vaults:3)
  19 harpies
  30 necromancers
  11 orc knights
  11 iron dragon zombies
  13 wolf spider zombies
  A faun (shapeshifter) (Vaults:5)
  15 frost giant zombies
  9 mana vipers
  4 shadow dragon skeletons
  An oklob plant (D:11)
  4 orc sorcerers
  5 shining eyes
  15 wolf spiders
  84 deep elf magi
  11 stone giant zombies
  8 cyclopes
  18 fire giant zombies
  46 ugly things
  6 manticores
  10 orb spiders
  15 salamanders
  6 worldbinders
  3 fauns (Shoals:1)
  7 iron dragon skeletons
  22 elephants
  20 moths of wrath
  A sphinx skeleton (Crypt:3)
  72 rust devils
  3 shock serpent zombies
  13 dire elephant zombies
  3 apocalypse crabs
  15 vault sentinels
  13 fire giant skeletons
  10 frost giant skeletons
  19 naga magi
  2 water nymphs (shapeshifter)
  5 eyes of devastation
  13 guardian serpents
  3 merfolk sirens
  4 water nymphs (Shoals:4)
  11 molten gargoyles
  4 centaur skeletons
  35 black mambas
  7 ice statues
  4 gargoyles
  43 orange demons
  8 spiny frogs
  12 stone giant skeletons
  58 smoke demons
  12 spectral swamp worms (Tar:7)
  10 dire elephant skeletons
  2 shock serpent skeletons
  A torpor snail (Zig:13)
  A green draconian zombie (Crypt:1)
  7 emperor scorpion zombies
  A kobold demonologist (Depths:2)
  A minotaur zombie (Dis:3)
  A spiny frog (shapeshifter) (Abyss:4)
  8 komodo dragons
  55 hellions
  A yaktaur (shapeshifter) (Vaults:1)
  A catoblepas zombie (Dis:5)
  4 rime drakes
  75 tormentors
  A catoblepas skeleton (Tar:3)
  51 freezing wraiths
  2 anaconda simulacra
  19 efreet
  54 yaktaurs
  58 red devils
  58 ice devils
  12 trolls
  4 human skeletons
  37 hellwings
  A tengu conjurer (D:14)
  27 ancient zymes
  3 silent spectres
  14 demonic crawlers
  6 harpy zombies
  A queen bee (shapeshifter) (Vaults:1)
  A queen bee (D:12)
  3 meliai (D:12)
  2 polar bears (shapeshifter)
  A golden dragon simulacrum (Crypt:3)
  19 hydra zombies
  2 trolls (shapeshifter)
  12 merfolk
  29 guardian mummies
  7 polar bears
  A sphinx simulacrum (Vaults:3)
  2 shadow dragon simulacra
  11 hornets
  143 large abominations
  19 wind drakes
  A hornet (shapeshifter) (Zig:8)
  A raiju (shapeshifter) (Depths:1)
  A blink frog (shapeshifter) (Vaults:5)
  A tyrant leech (Zig:5)
  11 blink frogs
  A tengu simulacrum (Vaults:1)
  13 ice dragon zombies
  A tyrant leech (shapeshifter) (Vaults:5)
  2 harpy skeletons
  5 jumping spiders
  17 hydra skeletons
  37 raiju
  6 fire dragon zombies
  9 ettin zombies
  9 dream sheep
  87 slime creatures
  5 bog bodies
  2 dream sheep (shapeshifter)
  13 alligator zombies
  6 snapping turtles
  A hippogriff (shapeshifter) (Abyss:1)
  A shock serpent simulacrum (Coc:7)
  10 air elementals
  An iron dragon simulacrum (Abyss:1)
  10 hippogriffs
  183 flying skulls
  A black mamba zombie (Crypt:3)
  3 frost giant simulacra
  36 shadows
  44 wraiths
  3 redbacks
  13 ettin skeletons
  A shapeshifter (Vaults:1)
  2 tarantellas (Zig:13)
  4 fire dragon skeletons
  30 yaks
  A spriggan (shapeshifter) (Depths:4)
  6 ushabtiu
  49 ynoxinuls
  6 alligator skeletons
  13 ice dragon skeletons
  23 water elementals
  45 fire elementals
  2 humans (shapeshifter)
  4 wyverns
  5 basilisks
  A fire bat (shapeshifter) (D:14)
  6 hogs (D:15)
  A hog (shapeshifter) (Vaults:2)
  6 fire bats
  A golden eye (shapeshifter) (Vaults:3)
  16 humans
  A black mamba skeleton (Coc:3)
  28 golden eyes
  7 hungry ghosts
  34 chaos spawn
  2 emperor scorpion simulacra (Coc:7)
  64 neqoxecs
  4 wargs
  52 nagas
  2 merfolk zombies
  33 spatial vortices
  4 swamp worms (D:11)
  A torturous demonspawn zombie (Crypt:3)
  2 soldier ants (shapeshifter)
  47 small abominations
  2 acid dragons
  An insubstantial wisp (Zig:3)
  7 spiny frog zombies
  7 water moccasins
  3 floating eyes
  A hydra simulacrum (Hell)
  6 soldier ants
  125 hell hounds
  A swamp drake (Zig:5)
  5 porcupines
  5 spiny frog skeletons
  An ettin simulacrum (Tar:1)
  8 ice beasts
  33 orc warriors
  14 phantoms
  5 sky beasts
  5 swamp dragon zombies
  3 black bears
  32 necrophages
  2 manticore zombies
  13 eyes of draining
  9 snapping turtle zombies
  11 snapping turtle skeletons
  A black mamba simulacrum (Crypt:2)
  52 ogres
  A blink frog skeleton (Crypt:3)
  8 boggarts
  15 centaurs
  26 wolves
  A wolf (shapeshifter) (Vaults:3)
  5 manticore skeletons
  A dream sheep skeleton (Crypt:1)
  5 swamp dragon skeletons
  A hippogriff zombie (Crypt:3)
  16 crocodiles
  4 big kobolds
  A big kobold (shapeshifter) (Vaults:4)
  19 bullfrogs
  A draconian zombie (Crypt:2)
  2 glowing shapeshifter simulacra
  A spiny frog simulacrum (Coc:4)
  An elf simulacrum (Vaults:1)
  9 earth elementals
  An ogre simulacrum (Vaults:1)
  A hornet simulacrum (D:15)
  4 scorpions
  2 snapping turtle simulacra (Coc:7)
  A polar bear zombie (Crypt:3)
  A warg skeleton (Crypt:1)
  2 spriggan zombies
  2 human simulacra
  A troll skeleton (Geh:5)
  A troll zombie (Dis:3)
  51 killer bees
  A manticore simulacrum (Coc:7)
  2 spriggan skeletons
  114 wights
  5 electric eels
  2 howler monkeys
  A wolf zombie (Crypt:1)
  24 crimson imps
  8 quasits
  A centaur zombie (Geh:7)
  2 lava snakes (Lair:1)
  88 starcursed masses
  7 jellies
  2 bullfrog skeletons
  6 hounds
  6 human zombies
  20 orc priests
  62 iron imps
  2 iguanas
  20 orc wizards
  A hell rat (Zig:4)
  A lightning spire (Zig:9)
  17 worker ants
  2 killer bee zombies
  An ogre zombie (Hell)
  A felid skeleton (Crypt:1)
  2 naga zombies
  A crocodile skeleton (Crypt:2)
  2 naga skeletons
  A tengu skeleton (Tar:1)
  An acid dragon skeleton (Crypt:2)
  A hound skeleton (D:10)
  53 mummies
  2 worker ant zombies
  A howler monkey zombie (D:10)
  11 gnolls
  14 adders
  A steam dragon skeleton (Crypt:2)
  20 shadow imps
  17 white imps
  7 ufetubi
  An ooze (D:1)
  2 adder skeletons
  2 worms
  A dart slug (D:1)
  3 leopard geckos
  98 orcs
  4 giant cockroaches
  8 goblins
  5 hobgoblins
  11 jackals
  3 ball pythons
  3 bats
  6 frilled lizards
  A hobgoblin skeleton (Crypt:1)
  14 kobolds
  A kobold skeleton (Crypt:3)
  3 kobold zombies
  2 leopard gecko skeletons
  2 leopard gecko zombies
  An orc zombie (Dis:7)
  A quokka skeleton (D:4)
  6 rats
  A butterfly (Lair:2)
  7 crawling corpses
  A lurking horror (Abyss:4)
  42 pillars of salt
  2 plants
  36 starspawn tentacles
  8 tentacles
6580 creatures vanquished.

Vanquished Creatures (collateral kills)
  Ereshkigal (Tar:7)
  A Tzitzimitl (Tar:7)
  A Brimstone Fiend (Geh:7)
  A deep elf sorcerer (Elf:3)
  A deep elf elementalist (Elf:3)
  2 reapers (Tar:7)
  2 deep elf annihilators (Elf:3)
  A spriggan (Depths:3)
  2 soul eaters (Tar:7)
  A death drake (shapeshifter) (Elf:3)
  A shadow demon (Tar:7)
  An anaconda zombie (Geh:7)
  A deep elf mage (Elf:3)
  An iron dragon skeleton (Tar:7)
  An ice devil (Dis:7)
  A hornet (Depths:3)
  A crawling corpse (Elf:3)
20 creatures vanquished.

Vanquished Creatures (others)
  A lich (Depths:2)
  An eldritch tentacle (Pan)
  An Executioner (Pan)
  A draconian knight (Zot:2)
  An emperor scorpion (Zig:13)
  An elemental wellspring (Coc:7)
  A deep elf annihilator (Pan)
  A yaktaur captain (Vaults:4)
  A vault guard (Vaults:5)
  A satyr (Shoals:4)
  A centaur warrior (D:14)
  3 hell hogs
  A naga sharpshooter (Snake:4)
  A deep elf knight (Elf:2)
  A deep elf archer (Zig:8)
  A necromancer (Geh:3)
  A deep elf mage (Elf:2)
  2 moths of wrath (Zot:1)
  6 yaktaurs
  A tormentor (Geh:2)
  A wind drake (Pan)
  A harpy zombie (Geh:4)
  A raiju (Abyss:5)
  2 flying skulls
  A fire elemental (Hell)
  A human (D:15)
  A neqoxec (Pan)
  A chaos spawn (Pan)
  A naga (Snake:1)
  A hell hound (Geh:6)
  An ice beast (Coc:4)
  5 centaurs
  A bullfrog (D:15)
  2 wights (Geh:3)
  An orc priest (D:8)
  An orc (Orc:1)
  2 kobold skeletons
  A block of ice (Pan)
  3 bushes
  A crawling corpse (Elf:3)
  8 fungi (Lair:6)
  4 lurking horrors (Abyss:3)
  124 pillars of salt
  48 plants
  41 starspawn tentacles
  20 tentacles
302 creatures vanquished.

Grand Total: 6902 creatures vanquished

Notes
Turn   | Place    | Note
-------+----------+-------------------------------------------
     0 | D:1      | Inquire the Minotaur Fighter began the quest for the Orb.
     0 | D:1      | Reached XP level 1. HP: 19/19 MP: 0/0
   451 | D:1      | Reached XP level 2. HP: 27/27 MP: 1/1
   881 | D:2      | Reached XP level 3. HP: 33/33 MP: 2/2
   955 | D:2      | Reached XP level 4. HP: 39/41 MP: 3/3
   976 | D:2      | Found a basalt altar of Yredelemnul.
  1024 | D:2      | Found a sacrificial altar of Ru.
  1208 | D:2      | You fall into a shaft and drop 1 floor!
  1476 | D:3      | Reached skill level 5 in Fighting
  1484 | D:3      | Reached XP level 5. HP: 47/48 MP: 4/4
  1525 | D:3      | Found a glowing silver altar of Zin.
  1739 | D:3      | Became a worshipper of Zin the Law-Giver
  1739 | D:3      | Reached * piety under Zin
  1882 | D:3      | Found a faded altar of an unknown god.
  1882 | D:3      | Found a shattered altar of Ashenzari.
  1891 | D:3      | Found a faded altar of an unknown god.
  1893 | D:3      | Found a snail-covered altar of Cheibriados.
  1903 | D:3      | Found an ancient bone altar of Kikubaaqudgha.
  2249 | D:4      | Noticed an ogre
  2254 | D:4      | Killed an ogre
  2254 | D:4      | Reached skill level 1 in Invocations
  2254 | D:4      | Reached XP level 6. HP: 53/56 MP: 4/6
  2626 | D:4      | Reached skill level 5 in Axes
  2714 | D:4      | Reached ** piety under Zin
  2851 | D:5      | Entered Level 5 of the Dungeon
  2889 | D:5      | Found Mookum's Magic Scroll Shoppe.
  2900 | D:5      | Bought a scroll of teleportation for 39 gold pieces
  2900 | D:5      | Bought a scroll of magic mapping for 45 gold pieces
  2900 | D:5      | Bought a scroll of identify for 26 gold pieces
  2900 | D:5      | Bought a scroll of immolation for 45 gold pieces
  2900 | D:5      | Bought a scroll of remove curse for 39 gold pieces
  3087 | D:5      | Reached skill level 5 in Shields
  3091 | D:5      | Reached XP level 7. HP: 34/63 MP: 7/7
  3548 | D:6      | Reached *** piety under Zin
  3621 | D:6      | Found a staircase to the Ecumenical Temple.
  3697 | D:6      | Reached skill level 5 in Armour
  3705 | D:6      | Found a shattered altar of Ashenzari.
  3955 | D:6      | Found Olusauli's Armour Emporium.
  4362 | D:7      | Reached **** piety under Zin
  4416 | D:7      | Reached XP level 8. HP: 42/71 MP: 9/9
  4625 | D:7      | Found Raloihau's Jewellery Shoppe.
  5664 | D:8      | Reached ***** piety under Zin
  5678 | D:8      | Reached skill level 5 in Invocations
  5685 | D:8      | Reached XP level 9. HP: 57/81 MP: 11/11
  6479 | D:9      | Identified the +4 great mace of Fuerghi {pain, MR++ Str-2
                  | Dex+5}
  7224 | D:9      | Noticed a two-headed ogre
  7228 | D:9      | Killed a two-headed ogre
  7228 | D:9      | Reached XP level 10. HP: 92/92 MP: 12/14
  7242 | D:9      | Reached skill level 10 in Fighting
  7500 | D:9      | Noticed Harold
  7532 | D:9      | Killed Harold
  7655 | D:9      | Reached skill level 10 in Axes
  7760 | D:9      | Found a deep blue altar of Sif Muna.
  7862 | D:9      | Found a staircase to the Orcish Mines.
  7890 | Orc:1    | Entered Level 1 of the Orcish Mines
  8102 | Orc:2    | Entered Level 2 of the Orcish Mines
  8108 | Orc:2    | Noticed an orc sorcerer
  8110 | Orc:2    | Noticed a cyclops
  8179 | D:10     | Entered Level 10 of the Dungeon
  9117 | D:7      | Bought the ring "Wujasac" {+Blink MP-9 Int+3 Slay+5 Stlth+}
                  | for 478 gold pieces
  9224 | D:11     | Noticed a six-headed hydra
  9253 | D:10     | Killed a six-headed hydra
  9253 | D:10     | Reached XP level 11. HP: 66/102 MP: 4/16
  9329 | D:11     | Noticed an oklob plant
  9802 | D:11     | Got a warped whip
  9806 | D:11     | Identified the +10 whip of Ecorueg {slash, Str+5 Dex+2}
                  | (You found it on level 11 of the Dungeon)
 10033 | D:11     | Found a staircase to the Lair.
 10261 | D:11     | Reached skill level 1 in Maces & Flails
 10358 | D:11     | Killed an oklob plant
 10486 | Lair:1   | Entered Level 1 of the Lair of Beasts
 10558 | Lair:1   | Reached ****** piety under Zin
 10926 | Lair:2   | Noticed Sonja
 10932 | Lair:2   | Killed Sonja
 10979 | Lair:2   | Found a staircase to the Shoals.
 11043 | Lair:2   | Got a crude short sword
 11044 | Lair:2   | Identified the +8 short sword of the Grave {pierce, rC+
                  | Str+5 Dex-3} (You found it on level 2 of the Lair of
                  | Beasts)
 11643 | Lair:3   | Reached skill level 5 in Maces & Flails
 11765 | Lair:3   | Noticed a queen ant
 11775 | Lair:3   | Killed a queen ant
 11820 | Lair:3   | Reached XP level 12. HP: 99/112 MP: 9/18
 12424 | Lair:4   | Noticed a five-headed hydra
 12431 | Lair:4   | Killed a five-headed hydra
 12675 | Lair:4   | Found a staircase to the Snake Pit.
 12682 | Lair:4   | Reached skill level 10 in Invocations
 13279 | Lair:5   | Reached skill level 1 in Dodging
 13476 | Lair:5   | Noticed a four-headed hydra
 13487 | Lair:5   | Killed a four-headed hydra
 13487 | Lair:5   | Reached skill level 10 in Shields
 14044 | Lair:6   | Entered Level 6 of the Lair of Beasts
 14059 | Lair:6   | Noticed a death yak
 14075 | Lair:6   | Killed a death yak
 14075 | Lair:6   | Reached XP level 13. HP: 94/122 MP: 11/20
 14774 | Orc:2    | Paralysed by an orc sorcerer for 4 turns
 14850 | Orc:2    | Reached skill level 10 in Maces & Flails
 14875 | Orc:2    | Found a staircase to the Elven Halls.
 14875 | Orc:2    | Found Degic's Food Boutique.
 15267 | Orc:2    | Found Kimneaf's Book Boutique.
 15311 | Orc:2    | Found Fuhawoll's Distillery.
 15325 | Orc:2    | Noticed Saint Roka
 15338 | Orc:1    | Found Ixkoj's Incredible Inventory.
 15634 | Orc:2    | Found Koaxky's Jewellery Shop.
 15637 | Orc:2    | Bought a potion of brilliance for 56 gold pieces
 15637 | Orc:2    | Bought a potion of heal wounds for 70 gold pieces
 16283 | D:6      | Bought the +8 chain mail of Eternal Night {rElec rC+ Dex+3}
                  | for 861 gold pieces
 16463 | D:12     | Reached XP level 14. HP: 131/133 MP: 13/22
 16580 | D:12     | Found Mollok's Weapon Emporium.
 16821 | D:12     | Reached skill level 15 in Fighting
 17669 | D:13     | Found a bloodstained altar of Trog.
 17796 | D:14     | Found a gate to the Vaults.
 17796 | D:14     | Noticed Rupert
 17799 | D:15     | Entered Level 15 of the Dungeon
 17799 | D:15     | Found Zuopoa's Jewellery Shoppe.
 17810 | D:15     | Noticed Nessos
 18002 | D:14     | Got a twisted flail
 18003 | D:14     | Identified the +4 flail of Woraus {crush, MR+} (You found
                  | it on level 14 of the Dungeon)
 18485 | D:15     | Noticed Jorgrun
 18487 | D:15     | Noticed Louise
 18953 | Lair:6   | Reached XP level 15. HP: 120/144 MP: 15/24
 19584 | Lair:6   | Found a staircase to the Slime Pits.
 20590 | Snake:1  | Entered Level 1 of the Snake Pit
 21224 | Shoals:1 | Entered Level 1 of the Shoals
 21280 | Shoals:1 | Noticed Aizul
 21298 | Shoals:1 | Killed Aizul
 21321 | Shoals:1 | Got a translucent marble ring
 21322 | Shoals:1 | Identified the ring of Wethesia {rF++ rCorr Str+2 Stlth+}
                  | (You found it on level 1 of the Shoals)
 21478 | Shoals:1 | Noticed Frances
 22331 | Shoals:4 | Entered Level 4 of the Shoals
 22372 | Shoals:4 | Reached skill level 15 in Shields
 22445 | Shoals:4 | Reached XP level 16. HP: 149/157 MP: 17/26
 22452 | Shoals:4 | Identified the Incunabulum of Intoxication and Evil
 22489 | Shoals:4 | Reached skill level 5 in Dodging
 22542 | Shoals:4 | Reached skill level 1 in Spellcasting
 23267 | Shoals:4 | Noticed a kraken
 23297 | Shoals:4 | Killed a kraken
 23304 | Shoals:4 | Got a barnacled rune of Zot
 23370 | Shoals:4 | Noticed Ilsuiw
 23514 | Shoals:4 | Killed Ilsuiw
 24088 | Shoals:1 | Killed Frances
 24088 | Shoals:1 | Reached skill level 15 in Invocations
 25058 | Snake:2  | Noticed Vashnia
 25367 | Snake:2  | Killed Vashnia
 25535 | Snake:2  | Found Wurchyod's Antique Armour Emporium.
 25563 | Snake:2  | Reached XP level 17. HP: 146/166 MP: 14/27
 25692 | Snake:2  | Reached skill level 5 in Spellcasting
 26146 | Snake:3  | Noticed Roxanne
 26259 | Snake:3  | Noticed Azrael
 26274 | Snake:3  | Killed Azrael
 26356 | Snake:3  | Noticed Mara
 26398 | Snake:3  | Killed Mara
 26398 | Snake:3  | Reached skill level 10 in Dodging
 26680 | Snake:3  | Found an ancient bone altar of Kikubaaqudgha.
 26779 | Snake:3  | Noticed Asterion
 26795 | Snake:3  | Killed Asterion
 27291 | Snake:4  | Entered Level 4 of the Snake Pit
 27927 | Snake:4  | Got a serpentine rune of Zot
 28096 | Snake:4  | Reached XP level 18. HP: 106/176 MP: 19/28
 29093 | Snake:4  | Found Vekuryen's Magic Scroll Boutique.
 29101 | Snake:4  | Bought a scroll of fog for 30 gold pieces
 29101 | Snake:4  | Bought a scroll of teleportation for 45 gold pieces
 29103 | Snake:4  | Noticed Agnes
 29113 | Snake:4  | Killed Agnes
 29571 | Vaults:1 | Entered Level 1 of the Vaults
 30866 | Vaults:1 | Reached skill level 15 in Axes
 30871 | Vaults:1 | Reached XP level 19. HP: 180/183 MP: 21/30
 31411 | Vaults:2 | Noticed Boris
 31452 | Vaults:2 | Killed Boris
 31787 | Vaults:2 | Paralysed by an ogre mage for 3 turns
 31841 | Vaults:2 | Reached skill level 10 in Armour
 32247 | Vaults:2 | Found a staircase to the Crypt.
 32861 | Vaults:3 | Noticed Boris
 32891 | Vaults:3 | Killed Boris
 32928 | Vaults:3 | Noticed Mennas
 33218 | Vaults:3 | Reached XP level 20. HP: 193/193 MP: 22/31
 33374 | Vaults:3 | Killed Mennas
 34173 | Crypt:1  | Entered Level 1 of the Crypt
 34456 | Crypt:2  | Noticed Sojobo
 34581 | D:14     | Killed Rupert
 34945 | Elf:1    | Entered Level 1 of the Elven Halls
 35211 | Elf:1    | Found Bog Loa's Antique Armour Shop.
 35215 | Elf:1    | Bought a fine robe for 193 gold pieces
 35215 | Elf:1    | Bought a spiked plate armour for 952 gold pieces
 35215 | Elf:1    | Identified the +1 robe of Ru's Displeasure {*Drain +Inv rN+
                  | Str+7} (You bought it in a shop on level 1 of the Elven
                  | Halls)
 35217 | Elf:1    | Identified the +4 plate armour of Jeorrem {rElec rF++ SInv
                  | Stlth+} (You bought it in a shop on level 1 of the Elven
                  | Halls)
 35345 | Elf:1    | Found a radiant altar of Vehumet.
 35625 | Elf:1    | Identified Vehumet's Volume of Confrontation
 35826 | Elf:2    | Learned a level 2 spell: Passwall
 35989 | Elf:2    | Noticed Donald
 36007 | Elf:2    | Killed Donald
 36011 | Elf:2    | Reached XP level 21. HP: 190/203 MP: 24/33
 36159 | Elf:2    | Found Gashrux's Assorted Antiques.
 36397 | Elf:2    | Found a runed translucent gate.
 36397 | Elf:2    | Found a runed translucent gate.
 36398 | Elf:2    | Found a runed translucent gate.
 36471 | Elf:3    | Entered Level 3 of the Elven Halls
 36471 | Elf:3    | Found a huge runed gate.
 36471 | Elf:3    | Found a huge runed gate.
 36471 | Elf:3    | Found a huge runed gate.
 36471 | Elf:3    | Found a huge runed gate.
 36471 | Elf:3    | Found a huge runed gate.
 36471 | Elf:3    | Found a huge runed gate.
 36471 | Elf:3    | Found a huge runed gate.
 36504 | Elf:3    | Found a huge runed gate.
 36504 | Elf:3    | Found a huge runed gate.
 36504 | Elf:3    | Found a huge runed gate.
 36514 | Elf:3    | Found a huge runed gate.
 36514 | Elf:3    | Found a huge runed gate.
 36514 | Elf:3    | Found a huge runed gate.
 36514 | Elf:3    | Found a huge runed gate.
 36514 | Elf:3    | Found a huge runed gate.
 36514 | Elf:3    | Found a huge runed gate.
 36514 | Elf:3    | Found a huge runed gate.
 36527 | Elf:3    | Found a huge runed gate.
 36527 | Elf:3    | Found a huge runed gate.
 36545 | Elf:3    | Cast into level 3 of the Abyss (a deep elf sorcerer)
 36576 | Abyss:3  | Got a fine diamond amulet
 36599 | Abyss:3  | Identified the amulet "Angoppionk" {Faith rN++ Int-3} (You
                  | found it on level 3 of the Abyss)
 37072 | Elf:3    | Escaped the Abyss
 37093 | Elf:3    | Cast into level 2 of the Abyss (a deep elf sorcerer)
 37169 | Abyss:2  | Found a corrupted altar of Lugonu.
 37289 | Elf:3    | Escaped the Abyss
 37870 | Orc:2    | Killed Saint Roka
 38029 | D:15     | Noticed Kirke
 38045 | D:15     | Killed Kirke
 38110 | D:15     | Killed Louise
 38146 | D:15     | Killed Jorgrun
 38171 | D:15     | Found a staircase to the Depths.
 38180 | D:15     | Killed Nessos
 38457 | Depths:1 | Entered Level 1 of the Depths
 38457 | Depths:1 | Found a gateway to Hell.
 38953 | Depths:1 | Found a one-way gate to the infinite horrors of the Abyss.
 39033 | Depths:1 | Found a runed translucent door.
 39440 | Depths:1 | Got an ominously black robe
 39441 | Depths:1 | Identified the cursed +0 robe "Jivecod" {*Drain Str+4
                  | Int+2} (You found it on level 1 of the Depths)
 39511 | Depths:2 | HP: 4/309 [iron troll (13)]
 39520 | Depths:2 | Zin protects you from harm!
 40291 | Depths:1 | Reached XP level 22. HP: 131/214 MP: 26/35
 41030 | Depths:2 | Cast into level 5 of the Abyss (a lich)
 41030 | Abyss:5  | Entered Level 5 of the Abyss
 41030 | Abyss:5  | Entered Level 5 of the Abyss
 41389 | Abyss:5  | Found a corrupted altar of Lugonu.
 41458 | Depths:2 | Escaped the Abyss
 41989 | Depths:3 | Noticed a golden dragon
 41996 | Depths:3 | Killed a golden dragon
 42366 | Depths:5 | Entered Level 5 of the Depths
 43181 | Depths:4 | Found a one-way gate leading to the halls of Pandemonium.
 43415 | Hell     | Entered the Vestibule of Hell
 43415 | Hell     | Noticed Geryon
 43532 | Depths:4 | Found a runed translucent door.
 43581 | Depths:4 | Noticed a golden dragon
 43708 | Depths:4 | Got a slimy pewter ring
 43711 | Depths:4 | Identified the ring of Arurchyn {rF+ rC- rN+ Dex+5} (You
                  | found it on level 4 of the Depths)
 43712 | Depths:4 | Identified the ring "Qivimnau" {rPois rF+} (You found it on
                  | level 4 of the Depths)
 43731 | Depths:4 | Got a twitching turquoise ring
 43732 | Depths:4 | Identified the ring of Ralaebriwne {rElec AC+5} (You found
                  | it on level 4 of the Depths)
 43736 | Depths:4 | Got a translucent granite ring
 43737 | Depths:4 | Identified the ring of Odalaaw {rCorr Str+4 Int+4} (You
                  | found it on level 4 of the Depths)
 43895 | Depths:4 | Found a runed translucent gate.
 43895 | Depths:4 | Found a runed translucent gate.
 43895 | Depths:4 | Found an ancient bone altar of Kikubaaqudgha.
 43895 | Depths:4 | Found a runed translucent gate.
 43895 | Depths:4 | Noticed wont's ghost (veteran DDMo)
 43895 | Depths:4 | Noticed iamserjio's ghost (veteran OpCK)
 43895 | Depths:4 | Noticed an ancient lich
 43895 | Depths:4 | Noticed an ancient lich
 43920 | Depths:4 | Reached skill level 1 in Air Magic
 43920 | Depths:4 | Reached XP level 23. HP: 194/223 MP: 25/36
 44495 | Depths:3 | Learned a level 2 spell: Blink
 44527 | Depths:3 | Noticed a shard shrike
 45310 | Depths:2 | Found a gateway to a ziggurat.
 45345 | Depths:2 | Reached skill level 15 in Dodging
 45467 | Depths:2 | Reached skill level 5 in Air Magic
 45962 | Crypt:1  | Noticed Boris
 45970 | Crypt:1  | Killed Boris
 47392 | Crypt:3  | Entered Level 3 of the Crypt
 48622 | Crypt:3  | Reached XP level 24. HP: 211/234 MP: 27/36
 48868 | Crypt:3  | Found a staircase to the Tomb.
 49308 | Crypt:3  | Paralysed by a lich for 7 turns
 49405 | Crypt:3  | Noticed an ancient lich
 49414 | Crypt:3  | Killed an ancient lich
 49471 | Crypt:3  | Identified the Tome of Unholy Magic
 49658 | Crypt:2  | Killed Sojobo
 50589 | Depths:4 | Killed wont's ghost
 50597 | Depths:4 | Killed iamserjio's ghost
 50605 | Depths:4 | Killed an ancient lich
 50612 | Depths:4 | Killed an ancient lich
 50624 | Depths:4 | Got a fine granite ring
 50628 | Depths:4 | Identified the ring "Gunetoob" {rElec rN+ MR- Str-3 Dex+6}
                  | (You found it on level 4 of the Depths)
 50635 | Depths:4 | Got a pitted hat
 50636 | Depths:4 | Identified the +2 hat "Firi" {-Tele +Fly Str+4} (You found
                  | it on level 4 of the Depths)
 50643 | Depths:4 | Identified Kikubaaqudgha's Reference Book on Unholy Rituals
 51018 | Elf:3    | Found a huge runed gate.
 51018 | Elf:3    | Found a huge runed gate.
 51024 | Elf:3    | Found a huge runed gate.
 51024 | Elf:3    | Found a huge runed gate.
 51024 | Elf:3    | Found a huge runed gate.
 52202 | Elf:3    | Identified the amulet "Viyseewk" {Gourm rPois rN+ Dex+4
                  | SInv}
 52298 | Elf:3    | Got a pitted lapis lazuli ring
 52301 | Elf:3    | Got a pair of smoking gloves
 52302 | Elf:3    | Identified the +0 pair of gloves of Gravitas {-Tele +Fly
                  | rElec rF- rCorr} (You found it on level 3 of the Elven
                  | Halls)
 52304 | Elf:3    | Identified the ring of Gidwub {rPois MR+ Str+3 Int+3} (You
                  | found it on level 3 of the Elven Halls)
 52328 | Elf:3    | Identified the Reference Book on Creative Combat Magic
 52342 | Elf:3    | Found the macabre finger necklace {rN+}
 52593 | Orc:1    | Bought a manual of Ice Magic for 1656 gold pieces
 52965 | Vaults:4 | Reached XP level 25. HP: 234/243 MP: 28/37
 52968 | Vaults:4 | Reached skill level 1 in Ice Magic
 53959 | Vaults:5 | Entered Level 5 of the Vaults
 54152 | Vaults:5 | Noticed an ancient lich
 54159 | Vaults:5 | Killed an ancient lich
 54159 | Vaults:5 | Reached skill level 5 in Ice Magic
 55380 | Vaults:5 | Identified the +4 rapier of Cuodo {pierce, rN+ Int+4 Dex+4}
                  | (You found it on level 5 of the Vaults)
 55434 | Vaults:5 | Identified the cursed +0 arbalest "Womiyrph" {penet, Int+3}
 55498 | Vaults:5 | Identified the +3 hunting sling of the First Gods
                  | {velocity, rC+ MR+ Str+4 Dex+6}
 55776 | Vaults:5 | Reached XP level 26. HP: 245/254 MP: 28/37
 55831 | Vaults:5 | Identified a scroll of acquirement
 55852 | Vaults:5 | Identified the amulet of Weunogg {Faith rC+ rN+}
 56030 | Vaults:5 | Got a silver rune of Zot
 56176 | Vaults:5 | Paralysed by an ogre mage for 5 turns
 56298 | Vaults:5 | Identified the +11 spear "Geigud" {pierce, rN+}
 56307 | Vaults:5 | Reached skill level 10 in Ice Magic
 57143 | Depths:2 | Noticed an ancient lich
 57154 | Depths:2 | Killed an ancient lich
 57375 | Depths:5 | Reached skill level 1 in Polearms
 57375 | Depths:5 | Reached skill level 15 in Armour
 57401 | Depths:5 | Got a warped copper ring
 57404 | Depths:5 | Identified the ring of Oseqausu {*Tele *Corrode +Blink
                  | rPois} (You found it on level 5 of the Depths)
 57725 | Depths:5 | Reached skill level 5 in Polearms
 57782 | Depths:5 | Found a gate to the Realm of Zot.
 58064 | Zot:1    | Entered Level 1 of the Realm of Zot
 58103 | Zot:1    | Noticed an orb of fire
 58112 | Zot:1    | Killed an orb of fire
 58517 | Zot:1    | Reached skill level 10 in Polearms
 58981 | Zot:1    | Reached XP level 27. HP: 254/264 MP: 29/38
 58992 | Zot:1    | Learned a level 6 spell: Deflect Missiles
 58998 | Zot:1    | Learned a level 5 spell: Silence
 60514 | Zot:2    | Reached skill level 15 in Polearms
 61068 | Zot:3    | Noticed an orb of fire
 61078 | Zot:3    | Killed an orb of fire
 62147 | Zot:4    | Noticed an orb of fire
 62150 | Zot:4    | Found a transporter.
 62843 | Zot:4    | Found a transporter.
 63152 | Zot:5    | Entered Level 5 of the Realm of Zot
 63885 | Depths:4 | Voluntarily entered the Abyss.
 63890 | Abyss:1  | Found a corrupted altar of Lugonu.
 63958 | Abyss:1  | Found a deep blue altar of Sif Muna.
 64161 | Depths:4 | Escaped the Abyss
 64597 | Slime:1  | Entered Level 1 of the Pits of Slime
 64633 | Slime:2  | Reached skill level 27 in Invocations
 64665 | Slime:2  | Reached skill level 1 in Charms
 65632 | Slime:5  | Entered Level 5 of the Pits of Slime
 65636 | Slime:5  | Reached skill level 5 in Charms
 65756 | Slime:5  | Noticed the Royal Jelly
 66532 | Slime:4  | Paralysed by a floating eye for 2 turns
 67213 | Slime:5  | Found a viscous altar of Jiyva.
 67265 | Slime:5  | Killed the Royal Jelly
 67340 | Slime:5  | Got a smoking steel ring
 67341 | Slime:5  | Identified the ring of the Tick {MP+9 Stlth-} (You found it
                  | on level 5 of the Pits of Slime)
 67343 | Slime:5  | Identified Danup's Reference Book on the Mountains
 67381 | Slime:5  | Got a slimy rune of Zot
 67410 | Slime:5  | Identified Idabexan's Collected Works on Heat and
                  | Malediction
 67426 | Slime:5  | Got warped pearl dragon scales
 67427 | Slime:5  | Identified the +7 pearl dragon scales of the Fife {rN+
                  | rCorr} (You found it on level 5 of the Pits of Slime)
 67439 | Slime:5  | Got a distressingly furry robe
 67440 | Slime:5  | Identified the +1 robe "Ziefuuc" {MR+ Str+5 SInv} (You
                  | found it on level 5 of the Pits of Slime)
 67959 | Depths:1 | Voluntarily entered the Abyss.
 68287 | Abyss:1  | Found a snail-covered altar of Cheibriados.
 68998 | Abyss:3  | Reached skill level 10 in Charms
 69494 | Abyss:4  | Reached skill level 10 in Spellcasting
 69522 | Abyss:4  | Reached skill level 10 in Air Magic
 70104 | Abyss:5  | Entered Level 5 of the Abyss
 70104 | Abyss:5  | Entered Level 5 of the Abyss
 70121 | Depths:1 | Escaped the Abyss
 70513 | Depths:1 | Learned a level 1 spell: Apportation
 70520 | Depths:1 | Learned a level 6 spell: Freezing Cloud
 70560 | Hell     | Reached skill level 1 in Conjurations
 70631 | Hell     | Found a gateway to the Iron City of Dis.
 70662 | Hell     | Noticed Murray
 71097 | Hell     | Found a gateway to the decaying netherworld of Tartarus.
 71229 | Hell     | Killed Murray
 71231 | Hell     | Killed Geryon
 71602 | Hell     | Found a gateway to the freezing wastes of Cocytus.
 71663 | Hell     | Found a gateway to the ashen valley of Gehenna.
 71782 | Geh:1    | Entered Level 1 of Gehenna
 72508 | Depths:1 | Voluntarily entered the Abyss.
 72611 | Abyss:1  | Reached skill level 5 in Conjurations
 72962 | Abyss:3  | Found a corrupted altar of Lugonu.
 73341 | Abyss:3  | Found a hide-covered altar of Uskayaw.
 73585 | Abyss:3  | Noticed an ancient lich
 73595 | Abyss:3  | Killed an ancient lich
 74443 | Depths:1 | Escaped the Abyss
 75021 | Temple   | Entered the Ecumenical Temple
 75174 | Temple   | Fell from the grace of Zin
 75174 | Temple   | Became a worshipper of the Shining One
 75174 | Temple   | Reached * piety under the Shining One
 75174 | Temple   | Reached ** piety under the Shining One
 75174 | Temple   | Reached *** piety under the Shining One
 75174 | Temple   | Reached **** piety under the Shining One
 75632 | Geh:2    | Reached ***** piety under the Shining One
 75760 | Geh:2    | Reached ****** piety under the Shining One
 76080 | Geh:3    | Reached skill level 27 in Fighting
 76208 | Geh:3    | Identified a +6 broad axe of holy wrath (a +4 broad axe of
                  | flaming blessed by the Shining One)
 76208 | Geh:3    | Received a gift from the Shining One
 77481 | Geh:7    | Entered Level 7 of Gehenna
 77669 | Geh:7    | Noticed the Serpent of Hell
 77681 | Geh:7    | Killed the Serpent of Hell
 77801 | Geh:7    | Identified the Volume of the Seven Seas
 78210 | Geh:7    | Identified the Tome of the Enthralling Frostbite
 78355 | Geh:7    | Identified the +7 sceptre of Asmodeus
 78355 | Geh:7    | Noticed Asmodeus
 78375 | Geh:7    | Killed Asmodeus
 78397 | Geh:7    | Got a pitted scale mail
 78400 | Geh:7    | Identified the +3 scale mail "Hazad" {rPois MP+9 Int+5
                  | Dex-3} (You found it on level 7 of Gehenna)
 78413 | Geh:7    | Got an obsidian rune of Zot
 78601 | Dis:1    | Entered Level 1 of the Iron City of Dis
 79348 | Dis:2    | Reached skill level 27 in Armour
 80659 | Dis:7    | Entered Level 7 of the Iron City of Dis
 80945 | Dis:7    | Gained mutation: You expend magic power (3 MP) to
                  | strengthen your wands. [a cacodemon]
 81107 | Dis:7    | Gained mutation: You do not regenerate when monsters are
                  | visible. [a cacodemon]
 81543 | Orc:2    | Bought a potion of haste for 140 gold pieces
 81543 | Orc:2    | Bought a potion of mutation for 112 gold pieces
 81543 | Orc:2    | Bought a potion of haste for 140 gold pieces
 81543 | Orc:2    | Bought a potion of might for 56 gold pieces
 81543 | Orc:2    | Bought a potion of curing for 42 gold pieces
 81543 | Orc:2    | Bought a potion of brilliance for 56 gold pieces
 81543 | Orc:2    | Bought a potion of brilliance for 56 gold pieces
 81543 | Orc:2    | Bought a potion of brilliance for 56 gold pieces
 81543 | Orc:2    | Lost mutation: You do not regenerate when monsters are
                  | visible. [potion of mutation]
 81543 | Orc:2    | Lost mutation: You expend magic power (3 MP) to strengthen
                  | your wands. [potion of mutation]
 81543 | Orc:2    | Gained mutation: Your muscles are strong. (Str +2) [potion
                  | of mutation]
 81543 | Orc:2    | Gained mutation: You have large cloven feet. [potion of
                  | mutation]
 81543 | Orc:2    | Gained mutation: Your mind is acute. (Int +2) [potion of
                  | mutation]
 81549 | Orc:2    | Bought the ring of Uplotaso {rF+++ rC- Dex+6 Stlth+} for
                  | 1106 gold pieces
 81561 | Orc:2    | Bought a manual of Throwing for 1766 gold pieces
 81561 | Orc:2    | Bought a book of Annihilations for 1766 gold pieces
 81613 | Orc:2    | Bought a ration for 50 gold pieces
 81613 | Orc:2    | Bought a ration for 50 gold pieces
 81613 | Orc:2    | Bought a ration for 50 gold pieces
 81613 | Orc:2    | Bought a ration for 50 gold pieces
 81613 | Orc:2    | Bought a ration for 50 gold pieces
 81613 | Orc:2    | Bought a ration for 50 gold pieces
 81613 | Orc:2    | Bought a ration for 50 gold pieces
 81613 | Orc:2    | Bought a ration for 50 gold pieces
 81613 | Orc:2    | Bought a ration for 50 gold pieces
 81613 | Orc:2    | Bought a ration for 50 gold pieces
 81613 | Orc:2    | Bought a ration for 50 gold pieces
 81613 | Orc:2    | Bought a ration for 50 gold pieces
 81613 | Orc:2    | Bought a ration for 50 gold pieces
 82220 | Tomb:1   | Entered Level 1 of the Tomb of the Ancients
 82274 | Tomb:1   | Noticed Boris
 82284 | Tomb:1   | Killed Boris
 82373 | Tomb:1   | Got a crude scale mail
 82374 | Tomb:1   | Identified the +1 scale mail of Leaves {+Fly rElec rF+}
                  | (You found it on level 1 of the Tomb of the Ancients)
 82596 | Tomb:1   | Noticed a greater mummy
 82600 | Tomb:1   | Noticed a greater mummy
 82602 | Tomb:1   | Noticed a greater mummy
 82607 | Tomb:1   | Killed a greater mummy
 82609 | Tomb:1   | Killed a greater mummy
 82618 | Tomb:1   | Killed a greater mummy
 83035 | Tomb:1   | Identified the +2 halberd of the Fray {distort, rPois}
 83298 | Tomb:2   | Noticed Jory
 83300 | Tomb:2   | Noticed a greater mummy
 83300 | Tomb:2   | Noticed a greater mummy
 83303 | Tomb:2   | Noticed a greater mummy
 83309 | Tomb:2   | Killed a greater mummy
 83310 | Tomb:2   | Noticed a greater mummy
 83315 | Tomb:2   | Killed a greater mummy
 83316 | Tomb:2   | Killed a greater mummy
 83323 | Tomb:2   | Killed a greater mummy
 83325 | Tomb:2   | Killed Jory
 83826 | Tomb:1   | Noticed a greater mummy
 83836 | Tomb:1   | Noticed a greater mummy
 83840 | Tomb:1   | Killed a greater mummy
 83849 | Tomb:1   | Killed a greater mummy
 83883 | Tomb:1   | Noticed a greater mummy
 83902 | Tomb:1   | Killed a greater mummy
 84045 | Tomb:1   | Noticed a greater mummy
 84056 | Tomb:1   | Killed a greater mummy
 84675 | Tar:1    | Entered Level 1 of Tartarus
 86319 | Tar:3    | Cast into level 3 of the Abyss (reaper)
 86494 | Abyss:3  | Got a faintly glowing hat
 86495 | Abyss:3  | Identified the cursed +0 hat "Emup" {rElec rCorr Dex-4
                  | Stlth+} (You found it on level 3 of the Abyss)
 86601 | Abyss:3  | Found a corrupted altar of Lugonu.
 86613 | Abyss:3  | Got an abyssal rune of Zot
 86866 | Abyss:3  | Gained mutation: You do not regenerate when monsters are
                  | visible. [a cacodemon]
 87000 | Abyss:3  | Gained mutation: You are occasionally teleported next to
                  | monsters. [a neqoxec]
 87301 | Tar:3    | Escaped the Abyss
 87847 | D:2      | Lost mutation: Your mind is acute. (Int +2) [potion of
                  | mutation]
 87847 | D:2      | Lost mutation: You are occasionally teleported next to
                  | monsters. [potion of mutation]
 87847 | D:2      | Lost mutation: You have large cloven feet. [potion of
                  | mutation]
 87847 | D:2      | Lost mutation: Your muscles are strong. (Str +2) [potion of
                  | mutation]
 87847 | D:2      | Gained mutation: Your mind is acute. (Int +2) [potion of
                  | mutation]
 87847 | D:2      | Lost mutation: Your mind is acute. (Int +2) [potion of
                  | mutation]
 87847 | D:2      | Gained mutation: You are resistant to hostile enchantments.
                  | (MR+) [potion of mutation]
 88119 | D:3      | Fell from the grace of the Shining One
 88119 | D:3      | Became a worshipper of Zin the Law-Giver
 88120 | D:3      | Donated 124 gold pieces to Zin
 88447 | Pan      | Entered Pandemonium
 88620 | Pan      | Noticed Yngiexza the pandemonium lord
 88971 | Pan      | Entered the realm of Lom Lobon.
 89018 | Pan      | Identified the Compendium of Boosts and the Mountains
 89679 | Pan      | Reached skill level 1 in Translocations
 90299 | Pan      | Donated 159 gold pieces to Zin
 90387 | Pan      | Donated 80 gold pieces to Zin
 90502 | Pan      | Got a magical rune of Zot
 90509 | Pan      | Noticed Lom Lobon
 90538 | Pan      | Entered the realm of Gloorx Vloq.
 90699 | Pan      | Reached skill level 5 in Translocations
 91154 | Pan      | Noticed Gloorx Vloq
 92714 | Pan      | Killed Gloorx Vloq
 93132 | Pan      | Got a dark rune of Zot
 93257 | Pan      | Entered the realm of Mnoleg.
 93301 | Pan      | Got a shimmering scale mail
 93302 | Pan      | Identified the cursed +1 scale mail of Vefriqy {rF+ Regen+}
                  | (You found it in Pandemonium)
 93318 | Pan      | Noticed Lom Lobon
 93606 | Pan      | Upgraded the game from 0.24-a0-434-gd57e52fea8 to
                  | 0.24-a0-439-g6dd8730de2
 94173 | Pan      | Found an exit through the horrors of the Abyss.
 94393 | Pan      | Killed Lom Lobon
 94952 | Pan      | Noticed Mnoleg
 94958 | Pan      | Paralysed by a floating eye for 3 turns
 95408 | Pan      | Killed Mnoleg
 95445 | Pan      | Got a glowing rune of Zot
 95928 | Pan      | Reached skill level 1 in Hexes
 95952 | Pan      | Noticed Edysoose the pandemonium lord
 95965 | Depths:3 | Escaped Pandemonium
 95973 | Depths:3 | Killed Edysoose the pandemonium lord
 96459 | D:8      | Learned a level 8 spell: Controlled Blink
 96465 | D:8      | Learned a level 5 spell: Aura of Abjuration
 96746 | Pan      | Entered Pandemonium
 96784 | Pan      | Reached skill level 1 in Summonings
 97081 | Pan      | Found an exit through the horrors of the Abyss.
 97123 | Pan      | Reached skill level 15 in Spellcasting
 97206 | Pan      | Found a huge runed translucent gate.
 97206 | Pan      | Found a huge runed translucent gate.
 97207 | Pan      | Found a huge runed translucent gate.
 97208 | Pan      | Found a huge runed translucent gate.
 97209 | Pan      | Found a huge runed translucent gate.
 97368 | Pan      | Found a huge runed translucent gate.
 97452 | Pan      | Found a huge runed translucent gate.
 97454 | Pan      | Lost mutation: You do not regenerate when monsters are
                  | visible. [potion of mutation]
 97454 | Pan      | Lost mutation: You are resistant to hostile enchantments.
                  | (MR+) [potion of mutation]
 97456 | Pan      | Noticed Aroarphi the pandemonium lord
 97481 | Pan      | Killed Aroarphi the pandemonium lord
 97668 | Pan      | Noticed Giosarac the pandemonium lord
 97693 | Pan      | Killed Giosarac the pandemonium lord
 98347 | Pan      | Got a crude robe
 98348 | Pan      | Identified the +1 robe of the True Pharaoh {rPois rF++
                  | Int-3} (You found it in Pandemonium)
 98737 | Pan      | Found an exit through the horrors of the Abyss.
 98943 | Pan      | Got a translucent buckler
 98944 | Pan      | Identified the +0 buckler of Lilacs {+Blink rElec MR-
                  | rCorr} (You found it in Pandemonium)
 99172 | Pan      | Noticed Xouzes the pandemonium lord
 99223 | Pan      | Killed Xouzes the pandemonium lord
 99324 | Pan      | Reached skill level 5 in Summonings
 99369 | Pan      | Got a demonic rune of Zot
 99618 | Pan      | Noticed Sameuw the pandemonium lord
 99628 | Pan      | Killed Sameuw the pandemonium lord
 99856 | Pan      | Noticed Tiuthrus the pandemonium lord
 99906 | Pan      | Killed Tiuthrus the pandemonium lord
100112 | Pan      | Found an exit through the horrors of the Abyss.
100626 | Pan      | Noticed Anereost the pandemonium lord
100638 | Pan      | Killed Anereost the pandemonium lord
100746 | Pan      | Noticed Tir Asmo the pandemonium lord
100765 | Pan      | Killed Tir Asmo the pandemonium lord
101259 | Pan      | Found an exit through the horrors of the Abyss.
101260 | Pan      | Found an ancient bone altar of Kikubaaqudgha.
101271 | Pan      | Reached skill level 10 in Translocations
101278 | Pan      | Entered the realm of Cerebov.
101309 | Pan      | Found an exit through the horrors of the Abyss.
101721 | Pan      | Identified the +6 sword of Cerebov {flame}
101721 | Pan      | Noticed Cerebov
102226 | Pan      | Killed Cerebov
102352 | Pan      | Identified the cursed +2 rapier "Cata" {drain, +Fly rElec
                  | MP+9}
102358 | Pan      | Identified the +6 great sword of Kismet {pain, +Rage}
102358 | Pan      | Identified the +5 arbalest of Yloschome {velocity, rElec
                  | rF+ MR++}
102380 | Pan      | Identified the cursed +0 eveningstar "Leyjet" {crush, +Fly
                  | Int+2} (You found it in Pandemonium)
102400 | Pan      | Identified the amulet "Zamamaips" {Harm *Drain Int+2} (You
                  | found it in Pandemonium)
102407 | Pan      | Identified the +1 robe of the Bard {rElec Regen+ Str+7
                  | Stlth-} (You found it in Pandemonium)
102411 | Pan      | Identified the +8 rapier "Hazir" {speed, rElec} (You found
                  | it in Pandemonium)
102480 | Pan      | Got a fiery rune of Zot
102631 | Pan      | Took an exit into the Abyss.
102631 | Abyss:1  | Escaped into the Abyss
102720 | Depths:3 | Escaped the Abyss
103434 | Tomb:1   | Learned a level 9 spell: Fire Storm
103599 | Tomb:1   | Noticed a greater mummy
103602 | Tomb:1   | Noticed a greater mummy
103609 | Tomb:1   | Killed a greater mummy
103619 | Tomb:1   | Killed a greater mummy
103619 | Tomb:1   | Reached skill level 1 in Fire Magic
103874 | Tomb:1   | Noticed a greater mummy
103874 | Tomb:1   | Noticed a greater mummy
103885 | Tomb:1   | Killed a greater mummy
103888 | Tomb:1   | Killed a greater mummy
103893 | Tomb:1   | Noticed a greater mummy
103899 | Tomb:1   | Noticed a greater mummy
103906 | Tomb:1   | Killed a greater mummy
103916 | Tomb:1   | Killed a greater mummy
104057 | Tomb:1   | Noticed a greater mummy
104069 | Tomb:1   | Killed a greater mummy
104103 | Tomb:1   | Noticed a greater mummy
104113 | Tomb:1   | Killed a greater mummy
104169 | Tomb:1   | Noticed a greater mummy
104182 | Tomb:1   | Killed a greater mummy
104217 | Tomb:1   | Noticed a greater mummy
104220 | Tomb:1   | Noticed a greater mummy
104222 | Tomb:1   | Noticed a greater mummy
104226 | Tomb:1   | Killed a greater mummy
104235 | Tomb:1   | Killed a greater mummy
104243 | Tomb:1   | Killed a greater mummy
104642 | Tomb:1   | Noticed a greater mummy
104657 | Tomb:1   | Killed a greater mummy
104689 | Tomb:1   | Noticed a greater mummy
104697 | Tomb:1   | Killed a greater mummy
104716 | Tomb:1   | Noticed a greater mummy
104736 | Tomb:1   | Killed a greater mummy
104831 | Tomb:2   | HP: 12/272 [something (19)]
106471 | Temple   | Fell from the grace of Zin
106471 | Temple   | Became a worshipper of the Shining One
107370 | Dis:2    | Gained mutation: Your body sometimes deteriorates upon
                  | taking damage. [mutagenic glow]
107414 | Dis:2    | Gained mutation: You are clumsy. (Dex -2) [mutagenic glow]
107494 | Dis:3    | Reached skill level 5 in Fire Magic
107850 | Dis:3    | Gained mutation: Your spells are a little easier to cast,
                  | but a little less powerful. [mutagenic glow]
107899 | Dis:3    | Gained mutation: Scrolls take you a little longer to read.
                  | [a cacodemon]
110059 | Dis:7    | Gained mutation: Your spells are easier to cast, but less
                  | powerful. [mutagenic glow]
110247 | Dis:7    | Identified the +11 spear "Grim" {freeze, +Fly rC- Dex+7
                  | Stlth+}
110247 | Dis:7    | Identified the amulet of Viphuun {Gourm MP+9}
110261 | Dis:7    | Reached skill level 27 in Shields
110261 | Dis:7    | Identified the ring "Rutis" {MR+ Str+4 Int+2 Dex+2 Slay+3}
111455 | Dis:7    | Identified the +4 staff of Dispater
111455 | Dis:7    | Noticed Dispater
111840 | Dis:7    | Identified the ring of Ates Nei {MP+9 Slay+4 SInv}
112128 | Dis:7    | Identified the amulet "Ziss" {Faith rPois rC+ rN+}
112131 | Dis:7    | Reached skill level 27 in Dodging
112146 | Dis:7    | Got an iron rune of Zot
112148 | Dis:7    | Got a slimy lead ring
112151 | Dis:7    | Identified the ring of the Purple Skies {Str+5 Slay+4} (You
                  | found it on level 7 of the Iron City of Dis)
112207 | Dis:7    | Killed Dispater
113288 | Tar:7    | Entered Level 7 of Tartarus
114285 | Tar:7    | Identified the Reference Book on Quantum Venom
114877 | Tar:7    | Found the +8 whip "Snakebite" {curare, rPois}
114895 | Tar:7    | Identified the Tome of Curses and Enhancements
114910 | Tar:7    | Reached skill level 15 in Translocations
115091 | Tar:7    | Gained mutation: Your magical capacity is low. (-10% MP)
                  | [mutagenic glow]
115095 | Tar:7    | Noticed Ereshkigal
115108 | Tar:7    | Killed Ereshkigal
115164 | Tar:7    | Identified the Papyrus of the Fetching Volcanoes
115188 | Tar:7    | Got a bone rune of Zot
115703 | Coc:1    | Entered Level 1 of Cocytus
116846 | Coc:7    | Entered Level 7 of Cocytus
117439 | Coc:7    | Gained mutation: You are very clumsy. (Dex -4) [mutagenic
                  | glow]
117621 | Coc:7    | Noticed an ancient lich
117635 | Coc:7    | Killed an ancient lich
117673 | Coc:7    | Noticed Antaeus
118695 | Coc:7    | Killed Antaeus
118813 | Coc:7    | Got an icy rune of Zot
119121 | Zig:1    | Entered Level 1 of a ziggurat
119145 | Zig:2    | Entered Level 2 of a ziggurat
119148 | Zig:2    | Noticed Ongyazos the pandemonium lord
119157 | Zig:2    | Killed Ongyazos the pandemonium lord
119180 | Zig:2    | Identified the +3 morningstar "Fiulli Boorch" {drain,
                  | *Corrode Str+8 SInv} (You found it on level 2 of a
                  | ziggurat)
119222 | Zig:3    | Entered Level 3 of a ziggurat
119472 | Zig:4    | Entered Level 4 of a ziggurat
119527 | Zig:5    | Entered Level 5 of a ziggurat
119582 | Zig:6    | Entered Level 6 of a ziggurat
119642 | Zig:7    | Entered Level 7 of a ziggurat
119671 | Zig:7    | Identified the +4 fustibalus of a Billion Realms {venom,
                  | rElec rF+ Int-5} (You found it on level 7 of a ziggurat)
119689 | Zig:8    | Entered Level 8 of a ziggurat
119764 | Zig:9    | Entered Level 9 of a ziggurat
119911 | Zig:9    | Gained mutation: Potions are less effective at restoring
                  | your health. [a shining eye]
119931 | Zig:9    | Identified the +1 plate armour of Refuge {rC++} (You found
                  | it on level 9 of a ziggurat)
120064 | Zig:10   | Entered Level 10 of a ziggurat
120144 | Zig:10   | Identified Acyleoqip's Disquisition on Summoning and Ice
120174 | Zig:11   | Entered Level 11 of a ziggurat
120186 | Zig:11   | Reached skill level 1 in Transmutations
120251 | Zig:12   | Entered Level 12 of a ziggurat
120417 | Zig:13   | Entered Level 13 of a ziggurat
120460 | Zig:13   | Reached skill level 5 in Transmutations
120477 | Zig:13   | HP: 12/255 [poisoned by an emperor scorpion]
120481 | Zig:13   | HP: 5/255 [poisoned by an emperor scorpion]
120485 | Zig:13   | HP: 2/382 [poisoned by an emperor scorpion]
120488 | Zig:13   | The Shining One protects you from harm!
120490 | Zig:13   | HP: 1/382 [poisoned by an emperor scorpion]
120492 | Zig:13   | Succumbed to an emperor scorpion's poison

Levels and vault maps discovered:
D:1:      psy_arrival_basics, layout_loops_corners
D:2:      layout_loops_cross, overflow_temple_1_default, nicolae_ru_awakened_eye
D:3:      layout_basic, overflow_temple_1_default,
          chequers_temple_overflow_minitemple
D:4:      layout_rooms, first_ration
D:5:      layout_basic, serial_shops, nicolae_shop_waterfront
D:6:      layout_loops_ring, lemuel_temple_firewalk_b, serial_shops, shop,
          ashenzari_altar_1
D:7:      layout_layer_cave, serial_shops, shop
D:8:      layout_rooms, grunt_ministairs_13
D:9:      layout_cave_pools, lemuel_blue_sif_altar, erik_orc_2,
          blue_anna_alchemist [blue_anna_fruit_fields, blue_anna_fruit_fields],
          uniq_harold
D:10:     layout_long_grid
D:11:     layout_roguey, dpeg_oklobed_lair, worms_lemuel
D:12:     layout_roguey [special_room_bee], serial_shops, shop
D:13:     layout_roguey, basic_altar, kennysheep_generic_room_9
D:14:     layout_roguey, david_vaults_3, st_stairs_5
D:15:     hangedman_depths_entry_civil_slaughter, layout_cave_pools,
          serial_shops, shop, abandoned_shop, uniq_nessos, uniq_jorgrun,
          uniq_louise, uniq_kirke
Temple:   regret_index_temple_sphere_string
Lair:1:   layout_chaotic_city
Lair:2:   layout_cave_pods, shoals_dummy_entry, small_statue_intersection,
          lemuel_fruit_fields, grunt_megastairs_5, serial_bayou_shore_a,
          uniq_sonja
Lair:3:   layout_chaotic_city, wad_woods_antlair
Lair:4:   regret_index_harrowing_hell_hive, layout_regular_city,
          minmay_snake_entry_guardpost_small, grunt_megastairs_3
Lair:5:   layout_regular_city, serial_bayou_shore_b
Lair:6:   grunt_lair_end_beastmaster, layout_concentric_octagons,
          dpeg_slime_entry_corner, st_stairs_4, hibernation_bobbens,
          serial_bayou_shore_b, grunt_megastairs_4, infiniplex_staircase_pool
Shoals:1: layout_shoals, uniq_aizul, uniq_frances
Shoals:2: layout_shoals, nicolae_island_escapes
Shoals:3: layout_shoals
Shoals:4: shoals_end_hangedman, layout_shoals, shoals_ilsuiw_alternative
Snake:1:  layout_honeycomb
Snake:2:  layout_cave_shapes, serial_shops, shop, uniq_vashnia
Snake:3:  layout_chambers, basic_altar, grunt_ministairs_6, uniq_asterion,
          uniq_mara, uniq_roxanne, uniq_azrael
Snake:4:  johnstein_snake_rune_scales, layout_concentric_octagons, serial_shops,
          shop, uniq_agnes
Slime:1:  layout_caves
Slime:2:  layout_caves, nicolae_slime_barrier, uniq_dissolution
Slime:3:  layout_caves
Slime:4:  layout_caves
Slime:5
Orc:1:    layout_caves, nicolae_alphabet_shops, mines2_lemuel
Orc:2:    st_orc_open, layout_caves, uniq_saint_roka
Elf:1:    eino_elf_arrival_customs, layout_gridlike, serial_shops, shop,
          basic_altar, hangedman_elf_represent, minmay_elf_sorcery
Elf:2:    layout_geoelf_octagon, serial_shops,
          nicolae_shop_competitors_out_of_business,
          ebering_dispersal_statue_hall, roderic_roman_lattice, uniq_donald
Elf:3:    minmay_elf_hall_four_x, layout_gridlike, door_vault
Vaults:1: hangedman_vaults_variations, hangedman_vaults_locks,
          vaults_room_octagon, nicolae_vaults_little_ls,
          dpeg_vaults_monster_row, grunt_vaults_hallway_short,
          vaults_room_grunt_arrival_ludios, hangedman_vaults_maws,
          ontoclasm_vaults_decontamination, nicolae_vaults_meeting,
          layout_vaults_omnicross
Vaults:2: v_misc_33, v_misc_14, v_rooms_6, vaults_room_glass_cross,
          grunt_vaults_twisty, nicolae_vaults_network_periphery,
          grunt_vaults_swirl, grunt_vaults_hallway_short, serial_ice_b,
          v_pattern_1, ontoclasm_vaults_misaligned,
          minmay_crypt_entry_simple_box, v_alt_pattern_1,
          ontoclasm_vaults_pinch, nicolae_vaults_little_squares_2, v_misc_17,
          nicolae_vaults_little_squares_2, layout_vaults_omnibox, uniq_boris
Vaults:3: st_octagons_2, nicolae_vaults_little_squares_6,
          nicolae_vaults_little_squares_5, nicolae_vaults_mini_display_case,
          nicolae_vaults_three_branches, v_misc_31,
          nicolae_vaults_little_squares_4, v_misc_19, v_alt_pattern_3,
          nicolae_vaults_ring_of_whatevers, ontoclasm_vaults_gateway,
          grunt_vaults_focal, layout_vaults_maze, uniq_mennas
Vaults:4: nicolae_vaults_c_with_doors, v_misc_19, nicolae_vaults_network_star,
          v_alt_pattern_3, grunt_vaults_funnel, layout_vaults_chaotic_city
Vaults:5: serial_shops
Crypt:1:  layout_rooms
Crypt:2:  layout_gridlike, minmay_misc_feat_cross, uniq_sojobo
Crypt:3:  due_elkab, layout_chaotic_city, tomb_entry_shell_bobbens
Tomb:1
Tomb:2:   uniq_jory
Depths:1: layout_twisted_cross, abyss_entry, hell_entry,
          hangedman_decor_opposing, minmay_st_funbox, kennysheep_inner_square
Depths:2: constructs_gauntlet_mu_hangedman, layout_gridville, enter_ziggurat_b,
          hell_entry, serial_sigils, serial_sigils_hangedman_snap,
          serial_sigils_hangedman_quiver, serial_sigils_hangedman_carve,
          serial_sigils_hangedman_stare, marbit_kobold_abyss_entry,
          infiniplex_staircase_spiral_double
Depths:3: hangedman_arch_fort, layout_gridville, hell_entry,
          grunt_pan_entry_in_and_out, nicolae_abyss_entry_one_way_or_another,
          serial_bayou_pond_e
Depths:4: minmay_the_grid_triangle_9x9_line_8_mashed
          [minmay_the_grid_triangle_9x9_thin_v,
          minmay_the_grid_triangle_9x9_odd_lines,
          minmay_the_grid_triangle_9x9_subtriangle,
          minmay_the_grid_triangle_9x9_sparse_checkered,
          minmay_the_grid_triangle_9x9_dagger,
          minmay_the_grid_triangle_9x9_cache,
          minmay_the_grid_triangle_9x9_minimal,
          minmay_the_grid_triangle_9x9_prize_special], layout_gridville,
          gammafunk_ghost_crypt, hellmouth_1, rand_demon_pan_entry_3,
          abyss_entry, kennysheep_generic_room_6
Depths:5: grunt_zot_entry_alcove, layout_basic, nicolae_twisting_strands,
          lightli_too_deep, rand_demon_pan_entry_8, minmay_crystal_water
Hell
Dis:1:    layout_regular_city
Dis:2:    layout_jigsaw
Dis:3:    layout_chaotic_city
Dis:4:    layout_jigsaw
Dis:5:    layout_chaotic_city, hangedman_player_shredder
Dis:6:    layout_subdivisions
Dis:7:    dis_st
Geh:1:    layout_gehenna_lava_caves
Geh:2:    layout_gehenna_pools_box
Geh:3:    layout_gehenna_lava_caves, nicolae_geh_single_fiery_grave
Geh:4:    layout_gehenna_lava_caves
Geh:5:    layout_gehenna_pools_box
Geh:6:    layout_gehenna_lava_caves, nicolae_geh_amphitheater
Geh:7:    geh_grunt_pentagon
Coc:1:    layout_cocytus_water_paths
Coc:2:    layout_cocytus_water_paths
Coc:3:    layout_ice_bergs
Coc:4:    layout_cocytus_water_paths
Coc:5:    layout_ice_bergs
Coc:6:    layout_ice_bergs
Coc:7:    coc_grunt_cove [coc_grunt_cove_antaeus, coc_grunt_cove_fiend,
          coc_grunt_cove_fiend, coc_grunt_cove_fiend, coc_grunt_cove_fiend]
Tar:1:    layout_honeycomb, nicolae_tar_cuneiform_two
Tar:2:    layout_grid_maze
Tar:3:    layout_honeycomb, evilmike_ambush [evilmike_ambush_outer_pillars,
          evilmike_ambush_inner_basic]
Tar:4:    layout_grid_maze
Tar:5:    layout_grid_maze
Tar:6:    layout_grid_maze
Tar:7:    tar_minmay_river
Zot:1:    lemuel_halls_of_wrath, layout_basic
Zot:2:    layout_gridlike
Zot:3:    layout_twisted_circle
Zot:4:    gammafunk_the_bubble [the_bubble_gammafunk_split], layout_basic,
          st_small_dragon_hoard_2
Zot:5:    layout_gridlike
Zig:13

Skill      XL: |  1  2  3  4  5  6  7  8  9 10 11 12 13 14 15 16 17 18 19 20 21 22 23 24 25 26 27 |
---------------+----------------------------------------------------------------------------------+-----
Fighting       | 4 5 6 8 9 11 12 13 14 16 17 18 19 20 21 22 23 24 27 | 27.0
Axes           | 3 4 5 6 7 9 10 15 17 | 17.1
Shields        | 4 5 6 7 8 9 10 11 13 15 27 | 27.0
Armour         | 4 5 6 7 8 9 11 13 14 17 27 | 27.0
Invocations    | 1 2 3 5 6 8 9 10 12 13 14 15 16 17 18 20 21 22 23 24 27 | 27.0
Maces & Flails | 5 8 10 | 10.6
Dodging        | 2 4 9 11 12 14 16 18 19 20 27 | 27.0
Spellcasting   | 4 7 8 9 22 | 22.4
Air Magic      | 1 8 9 13 | 13.7
Ice Magic      | 8 10 11 | 11.6
Polearms       | 11 15 | 15.0
Charms         | 12 | 12.6
Conjurations   | 9 |  9.9
Translocations | 18 | 18.6
Hexes          | 3 |  3.0
Summonings     | 5 |  5.8
Fire Magic     | 6 |  6.1
Transmutations | 5 |  5.4

Action                   |  1- 3 |  4- 6 |  7- 9 | 10-12 | 13-15 | 16-18 | 19-21 | 22-24 | 25-27 || total
-------------------------+-------+-------+-------+-------+-------+-------+-------+-------+-------++-------
Melee: War axe           |    43 |   134 |   285 |   160 |       |       |       |       |       ||   622
       Headbutt          |     8 |    30 |    50 |   167 |   389 |   531 |   465 |   443 |  3147 ||  5230
       Quick blade       |       |       |       |     3 |    34 |       |       |       |       ||    37
       Whip              |       |       |       |   385 |  1120 |  1430 |   510 |       |       ||  3445
       Broad axe         |       |       |       |       |       |       |   906 |  1397 |  9018 || 11321
       Sacred scourge    |       |       |       |       |       |       |       |       |   959 ||   959
Throw: Throwing net      |       |       |     2 |     5 |     7 |     2 |       |     3 |     8 ||    27
 Cast: Silence           |       |       |       |       |       |       |       |       |    13 ||    13
       Deflect Missiles  |       |       |       |       |       |       |       |       |    11 ||    11
       Controlled Blink  |       |       |       |       |       |       |       |       |     8 ||     8
       Freezing Cloud    |       |       |       |       |       |       |       |       |     2 ||     2
Invok: Recite            |       |       |     1 |     2 |    15 |    46 |    42 |    58 |   167 ||   331
       Vitalisation      |       |       |       |     5 |    12 |    18 |    10 |    13 |    48 ||   106
       Sanctuary         |       |       |       |       |       |       |     1 |     1 |     3 ||     5
       Cleansing Flame   |       |       |       |       |       |       |       |       |   281 ||   281
       Divine Shield     |       |       |       |       |       |       |       |       |     8 ||     8
       Summon Divine War |       |       |       |       |       |       |       |       |     4 ||     4
       Donate Gold       |       |       |       |       |       |       |       |       |     3 ||     3
       Brand Weapon With |       |       |       |       |       |       |       |       |     1 ||     1
 Abil: Evoke Blink       |       |       |       |       |       |       |       |     2 |     2 ||     4
Evoke: Wand              |       |       |    12 |    18 |    13 |    10 |    16 |     3 |    23 ||    95
       Lamp of fire      |       |       |       |       |       |       |       |     1 |     7 ||     8
  Use: Potion            |     2 |     2 |     4 |    11 |     6 |    12 |     5 |    29 |    72 ||   143
       Scroll            |       |     2 |    11 |    11 |    23 |    23 |    25 |    23 |   116 ||   234
 Stab: Sleeping          |       |       |     1 |     4 |       |       |       |       |       ||     5
       Held in net/web   |       |       |     1 |     4 |     1 |       |       |     4 |     7 ||    17
       Invisible         |       |       |       |     1 |     3 |     1 |       |       |     3 ||     8
       Paralysed         |       |       |       |     6 |    12 |    16 |    13 |    11 |    24 ||    82
       Confused          |       |       |       |       |    12 |    35 |    36 |    16 |   104 ||   203
       Petrified         |       |       |       |       |     3 |       |       |       |       ||     3
       Petrifying        |       |       |       |       |     1 |       |       |       |       ||     1
       Distracted        |       |       |       |       |       |       |     1 |     3 |     9 ||    13
  Eat: Chunk             |       |     6 |     5 |    11 |     7 |     8 |     4 |     6 |    13 ||    60
       Ration            |       |       |     3 |     4 |     6 |     6 |     8 |    11 |    78 ||   116
Armor: Scale mail        |    11 |    39 |       |       |       |       |       |       |       ||    50
       Leather armour    |       |    10 |    92 |   119 |    28 |       |       |       |       ||   249
       Chain mail        |       |       |       |       |   214 |   228 |   372 |   450 |  1431 ||  2695
       Pearl dragon scal |       |       |       |       |       |       |       |       |   885 ||   885
       Plate armour      |       |       |       |       |       |       |       |       |   174 ||   174
       Ice dragon scales |       |       |       |       |       |       |       |       |   132 ||   132
       Gold dragon scale |       |       |       |       |       |       |       |       |    52 ||    52
Dodge: Dodged            |    15 |    40 |    83 |   156 |   196 |   253 |   410 |   539 |  4374 ||  6066
       Deflected         |       |       |       |       |       |       |       |       |    92 ||    92
Block: Shield            |    15 |    77 |   152 |   330 |   704 |   784 |   491 |       |       ||  2553
       Reflection        |       |       |       |       |    27 |   102 |    71 |       |    78 ||   278
       Buckler           |       |       |       |       |       |       |   191 |   481 |  1813 ||  2485
       Large shield      |       |       |       |       |       |       |       |       |  5176 ||  5176

Table legend:
 A = Non-vault XP
 B = Vault XP
 C = Vault XP percentage of total XP
 D = Non-vault monster count
 E = Vault monster count
 F = Vault count percentage of total count
                 A         B        C        D         E       F
            +---------+---------+-------+---------+---------+-------
      Total | 3175897 | 1768952 |  35.8 |    4872 |    1602 |  24.7
            +---------+---------+-------+---------+---------+-------
        D:1 |      31 |       0 |   0.0 |      15 |       0 |   0.0
        D:2 |      82 |       0 |   0.0 |      18 |       0 |   0.0
        D:3 |     240 |       0 |   0.0 |      30 |       0 |   0.0
        D:4 |     414 |       0 |   0.0 |      17 |       0 |   0.0
        D:5 |     175 |       0 |   0.0 |       9 |       0 |   0.0
        D:6 |     277 |       0 |   0.0 |       6 |       0 |   0.0
        D:7 |    1008 |       0 |   0.0 |      21 |       0 |   0.0
        D:8 |    1927 |     220 |  10.2 |      31 |       5 |  13.9
        D:9 |    2673 |    1718 |  39.1 |      26 |      19 |  42.2
       D:10 |    2674 |       0 |   0.0 |      28 |       0 |   0.0
       D:11 |     710 |    1252 |  63.8 |       8 |       6 |  42.9
       D:12 |    4124 |    2518 |  37.9 |      38 |      25 |  39.7
       D:13 |    9546 |       0 |   0.0 |      32 |       0 |   0.0
       D:14 |    9349 |    9462 |  50.3 |      34 |      22 |  39.3
       D:15 |    5689 |   13727 |  70.7 |      18 |      17 |  48.6
     Lair:1 |    2384 |       0 |   0.0 |      18 |       0 |   0.0
     Lair:2 |    2031 |    1488 |  42.3 |      13 |       4 |  23.5
     Lair:3 |    2000 |    1854 |  48.1 |       9 |      13 |  59.1
     Lair:4 |    3685 |    2646 |  41.8 |      10 |      26 |  72.2
     Lair:5 |    8935 |       0 |   0.0 |      27 |       0 |   0.0
     Lair:6 |   17941 |   15282 |  46.0 |      52 |      29 |  35.8
   Shoals:1 |    8596 |    4045 |  32.0 |      18 |       2 |  10.0
   Shoals:2 |    5263 |       0 |   0.0 |      12 |       0 |   0.0
   Shoals:3 |    7060 |       0 |   0.0 |      14 |       0 |   0.0
   Shoals:4 |    5784 |   22554 |  79.6 |      13 |      31 |  70.5
    Snake:1 |   19315 |       0 |   0.0 |      36 |       0 |   0.0
    Snake:2 |   19532 |    7168 |  26.8 |      40 |       4 |   9.1
    Snake:3 |   15296 |   14514 |  48.7 |      28 |      11 |  28.2
    Snake:4 |   18567 |   45186 |  70.9 |      33 |      64 |  66.0
    Slime:1 |     553 |       0 |   0.0 |       1 |       0 |   0.0
    Slime:2 |    9077 |       0 |   0.0 |      14 |       0 |   0.0
    Slime:3 |   13383 |       0 |   0.0 |      22 |       0 |   0.0
    Slime:4 |   23941 |       0 |   0.0 |      39 |       0 |   0.0
    Slime:5 |   17859 |   28526 |  61.5 |      29 |      11 |  27.5
      Orc:1 |    1142 |    4297 |  79.0 |      25 |      12 |  32.4
      Orc:2 |    1948 |   18126 |  90.3 |      17 |      38 |  69.1
      Elf:1 |   13622 |   14513 |  51.6 |      23 |      21 |  47.7
      Elf:2 |   23543 |    5585 |  19.2 |      40 |       5 |  11.1
      Elf:3 |   19900 |   66538 |  77.0 |      33 |      48 |  59.3
   Vaults:1 |   41597 |   29292 |  41.3 |      60 |      35 |  36.8
   Vaults:2 |   30878 |   33268 |  51.9 |      65 |      45 |  40.9
   Vaults:3 |   33006 |   26346 |  44.4 |      54 |      23 |  29.9
   Vaults:4 |   28788 |   27882 |  49.2 |      46 |      37 |  44.6
   Vaults:5 |   40002 |  148135 |  78.7 |      62 |      94 |  60.3
    Crypt:1 |   36437 |       0 |   0.0 |      37 |       0 |   0.0
    Crypt:2 |   15441 |    8044 |  34.3 |      25 |       2 |   7.4
    Crypt:3 |   41270 |   53929 |  56.6 |      53 |      66 |  55.5
     Tomb:1 |   13218 |  167475 |  92.7 |      39 |      55 |  58.5
     Tomb:2 |   20026 |   56449 |  73.8 |      40 |      52 |  56.5
   Depths:1 |   36528 |   12854 |  26.0 |      46 |      11 |  19.3
   Depths:2 |   48069 |   19258 |  28.6 |      60 |      22 |  26.8
   Depths:3 |   20214 |   43041 |  68.0 |      25 |      24 |  49.0
   Depths:4 |   37473 |   71406 |  65.6 |      37 |      42 |  53.2
   Depths:5 |   14723 |   23933 |  61.9 |      15 |      22 |  59.5
       Hell |   34999 |   32927 |  48.5 |      51 |      51 |  50.0
      Dis:1 |   33466 |       0 |   0.0 |      58 |       0 |   0.0
      Dis:2 |   51185 |       0 |   0.0 |      79 |       0 |   0.0
      Dis:3 |   37723 |       0 |   0.0 |      80 |       0 |   0.0
      Dis:4 |   60604 |       0 |   0.0 |     105 |       0 |   0.0
      Dis:5 |   41484 |   13193 |  24.1 |      59 |      18 |  23.4
      Dis:6 |   42764 |       0 |   0.0 |      66 |       0 |   0.0
      Dis:7 |  123253 |   96965 |  44.0 |     173 |      73 |  29.7
      Geh:1 |    9559 |       0 |   0.0 |      23 |       0 |   0.0
      Geh:2 |   29048 |       0 |   0.0 |      68 |       0 |   0.0
      Geh:3 |   43058 |       0 |   0.0 |      91 |       0 |   0.0
      Geh:4 |   42073 |       0 |   0.0 |      92 |       0 |   0.0
      Geh:5 |   21416 |       0 |   0.0 |      44 |       0 |   0.0
      Geh:6 |   25189 |       0 |   0.0 |      47 |       0 |   0.0
      Geh:7 |   32752 |   69661 |  68.0 |      52 |      44 |  45.8
      Coc:1 |   26282 |       0 |   0.0 |      50 |       0 |   0.0
      Coc:2 |   23511 |       0 |   0.0 |      29 |       0 |   0.0
      Coc:3 |   27923 |       0 |   0.0 |      43 |       0 |   0.0
      Coc:4 |    7933 |       0 |   0.0 |      17 |       0 |   0.0
      Coc:5 |   19487 |       0 |   0.0 |      33 |       0 |   0.0
      Coc:6 |    6461 |       0 |   0.0 |      12 |       0 |   0.0
      Coc:7 |   75235 |   75917 |  50.2 |     108 |      64 |  37.2
      Tar:1 |   92919 |       0 |   0.0 |      82 |       0 |   0.0
      Tar:2 |   28201 |       0 |   0.0 |      49 |       0 |   0.0
      Tar:3 |   25633 |   18553 |  42.0 |      30 |      24 |  44.4
      Tar:4 |   17954 |       0 |   0.0 |      21 |       0 |   0.0
      Tar:5 |   37670 |       0 |   0.0 |      33 |       0 |   0.0
      Tar:6 |   54304 |       0 |   0.0 |      66 |       0 |   0.0
      Tar:7 |  125867 |   90947 |  41.9 |     136 |      71 |  34.3
      Zot:1 |  102154 |   36814 |  26.5 |      58 |      49 |  45.8
      Zot:2 |   45907 |       0 |   0.0 |      26 |       0 |   0.0
      Zot:3 |   63132 |       0 |   0.0 |      32 |       0 |   0.0
      Zot:4 |   52210 |    6934 |  11.7 |      26 |       3 |  10.3
      Zot:5 |   12794 |       0 |   0.0 |       8 |       0 |   0.0
    Abyss:1 |   90283 |   16703 |  15.6 |     111 |       8 |   6.7
    Abyss:2 |   23973 |       0 |   0.0 |      42 |       0 |   0.0
    Abyss:3 |  193744 |   23950 |  11.0 |     359 |      29 |   7.5
    Abyss:4 |   76679 |     594 |   0.8 |     137 |       5 |   3.5
    Abyss:5 |   19910 |       0 |   0.0 |      36 |       0 |   0.0
        Pan |  415705 |  283230 |  40.5 |     517 |     219 |  29.8
      Zig:1 |    1404 |       0 |   0.0 |       2 |       0 |   0.0
      Zig:2 |    7238 |       0 |   0.0 |       2 |       0 |   0.0
      Zig:3 |    2509 |       0 |   0.0 |       5 |       0 |   0.0
      Zig:4 |    9001 |       0 |   0.0 |       6 |       0 |   0.0
      Zig:5 |    5604 |       0 |   0.0 |       9 |       0 |   0.0
      Zig:6 |    5488 |       0 |   0.0 |       9 |       0 |   0.0
      Zig:7 |    4862 |       0 |   0.0 |      18 |       0 |   0.0
      Zig:8 |   10003 |       0 |   0.0 |      13 |       0 |   0.0
      Zig:9 |   13039 |      33 |   0.3 |      14 |       1 |   6.7
     Zig:10 |   14757 |       0 |   0.0 |      13 |       0 |   0.0
     Zig:11 |   11819 |       0 |   0.0 |      20 |       0 |   0.0
     Zig:12 |   17981 |       0 |   0.0 |      26 |       0 |   0.0
     Zig:13 |   19802 |       0 |   0.0 |      25 |       0 |   0.0
            +---------+---------+-------+---------+---------+-------
